 Dungeon Crawl Stone Soup version 0.31-a0-236-g9a0961fb85 (webtiles) character file.

Game seed: 4580717503889483296

2006817 qw the Conqueror (level 27, 175/199 HPs)
             Began as a Gargoyle Hexslinger on July 10, 2023.
             Was an Elder of Okawaru.
             Escaped with the Orb
             ... and 3 runes!
             The game lasted 00:25:06 (48342 turns).

qw the Conqueror (Gargoyle Hexslinger)             Turns: 48342, Time: 00:25:06

Health: 175/199    AC: 52    Str: 19    XL:     27
Magic:  34/34      EV: 43    Int: 17    God:    Okawaru [****..]
Gold:   1613       SH:  5    Dex: 34    Spells: 27/28 levels left

rFire   + + .        x - +27 heavy crossbow "Sniper" {heavy, Acc+∞ SInv}
rCold   + + .        (shield currently unavailable)
rNeg    + + .        B - +4 ring mail {rF+}
rPois   inf          h - +1 helmet "Forget-Me-Not" {Int+3 Dex+2}
rElec   +            w - scarf of the Carpenter {repulsion, rF+ rN+ Str+3 Slay-3}
rCorr   +            E - +2 pair of gloves {Dex+3}
SInv    +            f - +5 pair of boots "Mociuzoh" {Will+ Dex+2}
Will    +++++        e - amulet of reflection
Stlth   +            D - ring "Nagi" {Will+ Dex+5 SInv}
HPRegen 0.53/turn    v - ring of the Death Scarab {rC++ Will+ rCorr Str+2 Int-2}
MPRegen 0.24/turn

%: repel missiles, reflection
@: heroic, flying
A: sickness immunity, AC +20, big wings, negative energy resistance 1,
electricity resistance, torment resistance 1, petrification resistance,
iridescent scales 1, evolution 1, MP-powered wands
0: Orb of Zot
}: 3/15 runes: serpentine, barnacled, silver
a: Renounce Religion, Heroism, Finesse


You escaped.
You worshipped Okawaru.
Okawaru was greatly pleased with you.
You visited 9 branches of the dungeon, and saw 45 of its levels.
You also visited: Ossuary and Gauntlet.

You collected 7748 gold pieces.
You spent 6135 gold pieces at shops.


Innate Abilities, Weirdness & Mutations

You are immune to sickness and miasma.
Your stone body is resilient. (AC +20)
You are immune to poison.
Your large and strong wings let you fly.
You resist negative energy. (rN+)
You are resistant to electric shocks. (rElec)
You are resistant to unholy torment.
You are immune to petrification.
You are partially covered in iridescent scales. (AC +2)
You have hidden genetic potential.
You expend magic power (3 MP) to strengthen your wands.


   Skills:
 O Level 27 Fighting
 - Level 22.0(27) Ranged Weapons
 - Level 22.0(27) Armour
 - Level 22.0(27) Dodging
 - Level 1.0 Spellcasting
 - Level 2.6 Hexes
 + Level 15.2 Invocations


You had 27 spell levels left.
You knew the following spells:

 Your Spells              Type           Power      Damage    Failure   Level
a - Slow                  Hex            36%        N/A       9%          1

Your spell library contained the following spells:

 Spells                   Type           Power      Damage    Failure   Level
 Inner Flame              Hex/Fire       5%         N/A       41%         3
 Portal Projectile        Hex/Tloc       10%        N/A       41%         3
 Cause Fear               Hex            4%         N/A       65%         4

Inventory:

Hand Weapons
 x - the +27 heavy crossbow "Sniper" (weapon) {heavy, Acc+∞ SInv}
   (You acquired it on level 4 of the Vaults)

   Acc+∞: It never misses its target.
   SInv:      It lets you see invisible.
Armour
 b - a +4 ring mail of cold resistance
 f - the +5 pair of boots "Mociuzoh" (worn) {Will+ Dex+2}
   (You acquired it on level 4 of the Realm of Zot)

   Dex:       It affects your dexterity (+2).
   Will:      It increases your willpower.
 h - the +1 helmet "Forget-Me-Not" (worn) {Int+3 Dex+2}
   (Okawaru gifted it to you on level 4 of the Vaults)

   Int:       It affects your intelligence (+3).
   Dex:       It affects your dexterity (+2).
 m - quicksilver dragon scales
 q - the +0 pair of gloves of Luss {Will++ Int+3 Dex+2}
   (You found it on level 5 of the Vaults)

   Int:       It affects your intelligence (+3).
   Dex:       It affects your dexterity (+2).
   Will:      It greatly increases your willpower.
 t - the +2 cloak of the Thief {*Fog Slay-2 SInv Stlth+}
   (You found it in a Gauntlet)

   *Fog:      It may release a thick cloud of smoke when the wearer is hurt.
   Slay:      It affects your accuracy & damage with ranged weapons and melee
   (-2).
   SInv:      It lets you see invisible.
   Stlth:     It makes you more stealthy.
 w - the scarf of the Carpenter (worn) {repulsion, rF+ rN+ Str+3 Slay-3}
   (You found it on level 1 of the Lair of Beasts)

   Str:       It affects your strength (+3).
   Slay:      It affects your accuracy & damage with ranged weapons and melee
   (-3).
   rF:        It protects you from fire.
   rN:        It protects you from negative energy.
 y - the +3 helmet of Pantheism {Harm rPois Dex+2}
   (You bought it in a shop on level 14 of the Dungeon)

   Dex:       It affects your dexterity (+2).
   rPois:     It protects you from poison.
   Harm:      It increases damage dealt and taken.
 B - a +4 ring mail of fire resistance (worn)
 E - a +2 pair of gloves of dexterity (worn)
 F - a +2 cloak
Jewellery
 e - an amulet of reflection (around neck)
 n - a +6 ring of dexterity
 r - the ring of Kosmeal {rC+ rN+ Will+ SInv}
   (You took it off a yaktaur captain on level 5 of the Vaults)

   [ring of see invisible]

   rC:        It protects you from cold.
   rN:        It protects you from negative energy.
   SInv:      It lets you see invisible.
   Will:      It increases your willpower.
 v - the ring of the Death Scarab (right hand) {rC++ Will+ rCorr Str+2 Int-2}
   (You acquired it on level 1 of the Snake Pit)

   [ring of willpower]

   Str:       It affects your strength (+2).
   Int:       It affects your intelligence (-2).
   rC:        It greatly protects you from cold.
   rCorr:     It protects you from acid and corrosion.
   Will:      It increases your willpower.
 D - the ring "Nagi" (left hand) {Will+ Dex+5 SInv}
   (You bought it in a shop on level 4 of the Snake Pit)

   [ring of see invisible]

   Dex:       It affects your dexterity (+5).
   SInv:      It lets you see invisible.
   Will:      It increases your willpower.
 Y - a +6 ring of dexterity
Wands
 d - a wand of digging (11)
Scrolls
 o - 5 scrolls of enchant weapon
 p - 19 scrolls of teleportation
 s - 6 scrolls of identify
 A - 2 scrolls of brand weapon
Potions
 a - 18 potions of curing
 g - 2 potions of cancellation
 i - 11 potions of might
 j - 9 potions of enlightenment
 l - 4 potions of mutation
 z - 9 potions of magic

Dungeon Overview and Level Annotations

Branches:
Dungeon (15/15)            Temple (1/1) D:6            Lair (5/5) D:11
 Shoals (4/4) Lair:3        Snake (4/4) Lair:3        Slime (0/5) Lair:5
    Orc (2/2) D:12            Elf (0/3) Orc:2        Vaults (5/5) D:13
  Crypt (0/3) Vaults:2     Depths (4/4) D:15            Zot (5/5) Depths:4
Ossuary (visited)         Gauntlet (visited)

Altars:
Ashenzari
Cheibriados
Dithmenos
Elyvilon
Fedhas
Gozag
Hepliaklqana
Kikubaaqudgha
Makhleb
Nemelex Xobeh
Okawaru
Qazlal
Ru
Sif Muna
Trog
Uskayaw
Vehumet
Wu Jian
Xom
Yredelemnul
Zin
The Shining One
Jiyva
Lugonu

Shops:
D:9 *   D:11 [   D:14 *   Orc:1 *   Orc:2 [:[!   Snake:2 !   Snake:4 =[![
Vaults:2 [   Vaults:3 ==(=   Depths:1 *

Portals:
Hell: Depths:1 Depths:2 Depths:3 Depths:4
Abyss: Lair:5 Depths:1 Depths:3
Pandemonium: Depths:2 Depths:3 Depths:4
Ziggurat: Depths:4

Annotations:
D:3 Pargi
D:6 2 runed translucent doors, qw's ghost, novice MiHs
D:14 1 runed translucent door, Jiolyugh's ghost, journeyman GrEE
Lair:4 1 runed translucent door
Snake:1 1 runed translucent door, qw's ghost, adept GrFi
Vaults:2 1 runed translucent door
Depths:2 exclusions: golden eye and great orb of eyes
Depths:4 3 runed translucent doors, Plog's ghost, adept DgCj
Zot:3 2 transporters, Cyqimiab's ghost, legendary MfGl; Netemen's ghost, master GnFi; Toelubet's ghost, veteran CeHu
Zot:5 3 runed translucent doors, qw's ghost, veteran NaHu


Message History

The mass of ice explodes!
The iceblast engulfs you!! You partially resist.
The iceblast engulfs the demonspawn blood saint!!
The mass of ice explodes!
The iceblast engulfs you! You partially resist.
The iceblast engulfs the demonspawn blood saint!!!
The demonspawn blood saint dies!
You hear a shout!
(D) Dungeon (T) Temple (L) Lair (A) Shoals (P) Snake Pit (M) Slime Pits (O) Orcish Mines (E) Elven Halls (V) Vaults (C) Crypt (U) Depths (H) Hell (Z) Zot
Where to? (* - list waypoints, Enter - D:1 @ (x,y), ? - help)
What level of the Dungeon? (default 1, ? - help)
A demonspawn corrupter comes into view. It is wielding a +0 great sword.
There is a staircase leading out of the dungeon here.
You shoot a bolt. The demonspawn corrupter shouts!
The bolt hits the demonspawn corrupter.
The demonspawn corrupter is lightly wounded.
You shoot a bolt.
The bolt hits the demonspawn corrupter!!!
The demonspawn corrupter is heavily wounded.
The demonspawn corrupter calls forth creatures from the Elven Halls!
You shoot a bolt.
The bolt hits the deep elf blademaster!!!
The deep elf blademaster is severely wounded.
The deep elf blademaster completely misses you.
You block the deep elf blademaster's attack.
The deep elf blademaster hits you but does no damage.
The deep elf blademaster closely misses you.
You shoot a bolt.
The bolt hits the deep elf blademaster!!!!
You kill the deep elf blademaster!
The deep elf blademaster's corpse disappears in a puff of smoke!
The demonspawn corrupter completely misses you. x3
The demonspawn corrupter misses you.
You shoot a bolt.
The bolt hits the demonspawn corrupter!!!!!
You kill the demonspawn corrupter!
Okawaru accepts your kill.
You have escaped!

#.#.#.# ####.###.#.... #.....#
##......#...##. ###.###
#.>.....#.#.#..
#############.#####..#......#...#
...#.......##...........#.#.#.#.#
##.#.##......######..#....#...#..
##.#.##.##.#.# #>......#.#.#.#
........##.#.######.###.#...#...#
...#%#####.#..#.@.#.......#.#.#..
####.......#.#.)..####...##...##.
##........##...# #...##.#....
#####.##.....##...# #......##.##
#.....#...#...#.#.####...##......
#.....%.......#.#.).......##.###.
#.............#...#..............
#...........###...#.........?#...
#.....#.......#...##............#


There were no monsters in sight!

Vanquished Creatures
  A seraph (Zot:3)
  A dread lich (Zot:5)
  3 ancient liches
  4 orbs of fire
  4 pandemonium lords
  Josephina (Depths:3)
  Saint Roka (Orc:2)
  8 Killer Klowns
  Vashnia (Snake:3)
  Boris (twice) (Vaults:3 Vaults:4)
  2 curse toes
  Nikola (Snake:4)
  8 golden dragons
  A bone dragon (Depths:4)
  the Enchantress (Depths:3)
  A profane servitor (Zot:2)
  3 electric golems
  9 Brimstone Fiends
  2 Ice Fiends
  3 Tzitzimimeh (Zot:5)
  Jorgrun (D:13)
  15 tentacled monstrosities
  A walking earthen tome (Depths:3)
  4 Hell Sentinels
  2 liches
  2 titans (Vaults:5)
  A walking divine tome (Depths:3)
  38 Orb Guardians
  6 quicksilver dragons
  2 krakens
  2 Executioners (Zot:5)
  2 death cobs
  8 sphinxes
  7 tengu reavers
  7 storm dragons
  2 draconian monks
  9 shadow dragons
  Donald (Shoals:3)
  6 draconian knights
  11 fire giants
  10 frost giants
  7 nagarajas
  2 deep elf sorcerers (Vaults:5)
  An iron dragon (Vaults:5)
  5 draconian scorchers
  3 ghost moths
  5 balrugs
  3 cacodemons
  Louise (Depths:1)
  2 draconian stormcallers
  18 vault wardens
  3 spectral caustic shrikes (Depths:4)
  4 orc warlords
  5 spriggan defenders
  3 angels
  A draconian annihilator (Zot:5)
  6 reapers
  3 demonspawn corrupters
  4 draconian shifters
  19 very ugly things
  10 ironbound preservers
  A war gargoyle (Vaults:1)
  A demonspawn blood saint (Zot:5)
  4 formless jellyfish
  A demonspawn black sun (Zot:5)
  22 stone giants
  3 vampire knights
  10 ironbound thunderhulks
  3 deep elf demonologists (Vaults:5)
  12 white draconians
  Nessos (Orc:2)
  16 green draconians
  12 black draconians
  A deep elf annihilator (Vaults:5)
  3 spark wasps
  A minotaur (Gauntlet)
  2 lorocyprocas (Zot:5)
  Azrael (D:13)
  10 red draconians
  7 dire elephants (Vaults:2)
  9 purple draconians
  6 yellow draconians
  12 ettins
  11 merfolk impalers
  2 green deaths
  3 blizzard demons (Zot:5)
  A merfolk javelineer (Shoals:3)
  2 eidola (Vaults:4)
  6 fire dragons
  18 yaktaur captains
  7 entropy weavers
  9 great orbs of eyes
  4 deep elf high priests
  6 rakshasas
  3 hydras
  A salamander tyrant (Snake:4)
  A caustic shrike simulacrum (Depths:3)
  2 hell beasts
  5 ice dragons
  36 vault guards
  7 spriggan air magi
  13 ironbound frosthearts
  9 ogre magi
  9 anacondas
  An anaconda (shapeshifter) (Lair:5)
  8 boulder beetles
  Erica (D:11)
  A juggernaut simulacrum (Depths:3)
  2 alligator snapping turtles (Shoals:4)
  A peacekeeper (Vaults:3)
  5 merfolk avatars
  2 deep troll shamans
  25 centaur warriors
  4 satyrs
  6 deep troll earth magi
  8 naga warriors
  5 tengu warriors
  30 two-headed ogres
  2 demonic crawlers
  11 hell hogs
  5 shock serpents
  16 naga sharpshooters
  An orc high priest (Orc:2)
  2 vampire magi
  13 sun demons
  3 thrashing horrors (Lair:5)
  2 spriggan berserkers (Depths:3)
  2 hell knights
  Urug (D:11)
  5 sixfirhies
  6 salamander mystics
  6 skeletal warriors (Vaults:2)
  A fire crab (shapeshifter) (Lair:5)
  2 skysharks (Shoals:2)
  12 sea snakes
  An iron troll (Depths:1)
  A flayed ghost (Depths:3)
  45 deep trolls
  6 glowing orange brains
  A glowing orange brain (shapeshifter) (Vaults:5)
  A cherub (D:5)
  A spectral anaconda (Snake:4)
  A kraken simulacrum (Shoals:4)
  17 naga ritualists
  13 ironbound convokers
  9 lindwurms
  A shadow demon (Zot:5)
  5 deep elf pyromancers
  2 anaconda skeletons (Snake:4)
  12 wizards
  2 necromancers
  18 harpies
  9 phantasmal warriors
  38 ugly things
  21 fauns
  11 mana vipers
  16 orc knights
  A shining eye (Depths:2)
  An orc sorcerer (Orc:1)
  6 cyclopes
  A sphinx skeleton (Vaults:2)
  6 salamanders
  24 moths of wrath
  22 manticores
  An apocalypse crab (Gauntlet)
  35 black mambas
  2 guardian serpents
  11 elephants
  23 naga magi
  5 merfolk sirens
  A titan simulacrum (Depths:3)
  24 vault sentinels
  4 human skeletons (Vaults:2)
  5 rust devils
  8 smoke demons
  2 spectral sea snakes (Snake:4)
  10 cane toads
  An eye of devastation (Depths:2)
  2 water nymphs
  3 orange demons
  2 unseen horrors
  15 rime drakes
  3 gargoyles
  2 centaur skeletons (D:15)
  4 spectral nagas (Snake:4)
  3 hellions (Zot:5)
  3 efreet
  A komodo dragon (shapeshifter) (Lair:5)
  A spark wasp simulacrum (Depths:3)
  4 tormentors (Zot:5)
  5 freezing wraiths
  48 yaktaurs
  6 komodo dragons
  A yaktaur (shapeshifter) (D:13)
  5 ice devils
  3 tengu conjurers
  An ancient zyme (Lair:5)
  11 red devils
  A yaktaur skeleton (Vaults:2)
  3 polar bears
  30 merfolk
  10 trolls
  2 hornets
  4 wind drakes
  6 hellwings
  10 large abominations
  A tarantella (Vaults:5)
  34 blink frogs
  19 dream sheep
  6 snapping turtles
  A dream sheep (shapeshifter) (Vaults:5)
  A guardian serpent skeleton (Snake:4)
  A shadow (D:11)
  A jumping spider (Vaults:1)
  3 centaur simulacra
  2 culicivoras (Vaults:4)
  A jumping spider (shapeshifter) (Vaults:5)
  An elf skeleton (Vaults:2)
  4 spriggans
  A wyvern (shapeshifter) (D:14)
  8 water elementals
  57 slime creatures
  10 wyverns
  4 fire elementals (D:13)
  33 yaks
  4 ynoxinuls
  A steam dragon (Lair:1)
  9 humans (D:13)
  A wraith (D:14)
  16 basilisks
  A sea snake simulacrum (Snake:4)
  6 chaos spawn
  2 neqoxecs
  8 redbacks
  Menkaure (Ossuary)
  8 vampire mosquitoes
  A naga (shapeshifter) (Vaults:5)
  A warg (Orc:2)
  42 nagas
  A naga skeleton (Snake:4)
  20 small abominations
  A water moccasin (shapeshifter) (Depths:2)
  8 hell hounds
  4 water moccasins
  4 glowing shapeshifter skeletons (Vaults:2)
  2 guardian serpent simulacra (Snake:4)
  A meliai simulacrum (D:14)
  22 orc warriors
  An ogre skeleton (Vaults:2)
  A swamp drake (D:12)
  A hornet zombie (D:15)
  4 black bears
  31 ogres
  A sky beast (D:7)
  2 wolves (Lair:5)
  17 centaurs
  2 phantoms
  5 boggarts (Vaults:1)
  9 bullfrogs
  3 kobold brigands
  A gnoll sergeant (D:9)
  A bullfrog (shapeshifter) (Vaults:3)
  4 scorpions
  4 earth elementals (D:11)
  14 wights
  26 killer bees
  4 howler monkeys
  A quasit (Zot:5)
  A human zombie (Ossuary)
  6 jellies
  21 orc priests
  3 centaur zombies (Ossuary)
  2 hounds (D:5)
  A gnoll bouda (D:6)
  4 iguanas
  18 orc wizards
  9 hell rats (Lair:4)
  2 ogre zombies (Ossuary)
  6 mummies (Ossuary)
  6 gnolls
  6 adders
  A naga simulacrum (Snake:4)
  A shadow imp (D:6)
  4 white imps
  5 adder zombies (Ossuary)
  3 dart slugs
  88 orcs
  6 endoplasms
  3 giant cockroaches (D:2)
  2 gnoll zombies (Ossuary)
  11 goblins
  12 hobgoblins
  6 jackals
  4 quokkas
  6 ball pythons
  6 bats
  A frilled lizard (D:2)
  4 goblin zombies (Ossuary)
  2 hobgoblin zombies (Ossuary)
  23 kobolds
  2 kobold zombies (Ossuary)
  2 orc zombies (Ossuary)
  3 quokka zombies (Ossuary)
  5 rats
  4 rat zombies (Ossuary)
  3 tentacles
2170 creatures vanquished.

Vanquished Creatures (others)
  A golden dragon (Zot:3)
  A ghost moth (Zot:5)
  A demonspawn blood saint (D:1)
  A manticore (Shoals:4)
  A human (D:13)
  A hell hound (Zot:5)
  A glowing shapeshifter simulacrum (Depths:3)
  16 tentacles
23 creatures vanquished.

Grand Total: 2193 creatures vanquished

Notes
Turn   | Place    | Note
-------+----------+-------------------------------------------
     0 | D:1      | qw the Gargoyle Hexslinger began the quest for the Orb.
     0 | D:1      | Reached XP level 1. HP: 12/12 MP: 2/2
     0 | D:1      | 0 ||| qw: Version: 0.3-a-52-g30416fa
     0 | D:1      | 0 ||| qw: Game counter: 4954
     0 | D:1      | 0 ||| qw: Melee chars always use a shield: true
     0 | D:1      | 0 ||| qw: God list: Okawaru
     0 | D:1      | 0 ||| qw: Allow faded altars: false
     0 | D:1      | 0 ||| qw: Do Orc after clearing Dungeon:15 true
     0 | D:1      | 0 ||| qw: Do second Lair branch before Depths: true
     0 | D:1      | 0 ||| qw: Lair rune preference: random
     0 | D:1      | 0 ||| qw: Goals: Normal
     0 | D:1      | 0 ||| PLANNING D:1-11
   185 | D:1      | 185 ||| READING scroll labelled POACIH MOQYOKA.
   186 | D:1      | 186 ||| DROPPING scroll of poison.
   199 | D:1      | Reached XP level 2. HP: 13/16 MP: 3/3
   372 | D:1      | Reached skill level 3 in Ranged Weapons
   459 | D:1      | Reached XP level 3. HP: 19/21 MP: 4/4
   590 | D:1      | Found a faded altar of an unknown god.
   631 | D:1      | 631 ||| UPGRADING to +0 ring mail.
   641 | D:1      | 641 ||| DROPPING +0 robe.
   642 | D:1      | 642 ||| UPGRADING to amulet of reflection.
   647 | D:1      | 647 ||| READING scroll labelled LUWYLI SIRPHE.
   647 | D:1      | Identified a scroll of acquirement
   647 | D:1      | 647 ||| ACQUIRING +2 shortbow of freezing
   647 | D:1      | Acquired a +2 shortbow of freezing
   649 | D:1      | 649 ||| SWAPPING to +2 shortbow of freezing.
   650 | D:1      | 650 ||| DROPPING +1 sling.
   755 | D:2      | Reached skill level 2 in Fighting
   995 | D:2      | Found a shimmering altar of Xom.
  1328 | D:2      | 1328 ||| READING 2 scrolls labelled POIPTOGUOR.
  1333 | D:2      | 1333 ||| READING scroll labelled EJO NUDIBREA.
  1334 | D:2      | 1334 ||| DRINKING 2 fuming green potions.
  1378 | D:3      | Noticed Pargi
  1387 | D:3      | HP: 3/21 [orc/+0 club (3)]
  1388 | D:3      | 1388 ||| READING scroll of teleportation.
  1389 | D:3      | 1389 ||| DRINKING potion of heal wounds.
  1391 | D:3      | Found a white marble altar of Elyvilon.
  1421 | D:3      | 1421 ||| READING scroll labelled NURIDI AFOE.
  1422 | D:3      | 1422 ||| DRINKING 2 fuming amethyst potions.
  1483 | D:3      | Reached XP level 4. HP: 26/26 MP: 5/5
  1988 | D:3      | 1988 ||| UPGRADING to ring of protection from cold.
  2065 | D:4      | 2065 ||| Stepping ~*~*~tactically~*~*~ (outnumbered).
  2073 | D:4      | Reached XP level 5. HP: 20/30 MP: 6/6
  2589 | D:4      | 2589 ||| UPGRADING to +0 pair of boots.
  2594 | D:4      | 2594 ||| READING scroll labelled MEODOY YNUGIUR.
  2595 | D:4      | 2595 ||| READING scroll labelled PIAXOC YDARCHYCH.
  2596 | D:4      | 2596 ||| READING scroll labelled DIBRIT JOUMI.
  2597 | D:4      | 2597 ||| READING 2 scrolls labelled SEKKOA VUYQYSS.
  2598 | D:4      | 2598 ||| DRINKING 3 bubbling amethyst potions.
  2598 | D:4      | Gained mutation: You are somewhat resistant to further
                  | mutation. [potion of mutation]
  2598 | D:4      | Gained mutation: You are partially covered in iridescent
                  | scales. (AC +2) [potion of mutation]
  2599 | D:4      | 2599 ||| DROPPING scroll of vulnerability.
  2612 | D:5      | Entered Level 5 of the Dungeon
  2637 | D:5      | Reached skill level 3 in Fighting
  2637 | D:5      | Reached XP level 6. HP: 37/37 MP: 7/7
  2695 | D:5      | Reached skill level 6 in Ranged Weapons
  2722 | D:5      | 2722 ||| READING scroll of acquirement.
  2722 | D:5      | 2722 ||| ACQUIRING +6 arbalest "Damnation" {damnation}
  2722 | D:5      | Acquired the +6 arbalest "Damnation" {damnation}
  2722 | D:5      | Found the +6 arbalest "Damnation" {damnation}
  2724 | D:5      | 2724 ||| SWAPPING to +6 arbalest "Damnation" {damnation}.
  2725 | D:5      | 2725 ||| DROPPING +2 shortbow of freezing.
  2755 | D:5      | Reached XP level 7. HP: 42/42 MP: 8/8
  2759 | D:5      | Reached skill level 4 in Fighting
  2956 | D:5      | Reached XP level 8. HP: 48/48 MP: 9/9
  3134 | D:5      | Found an opulent altar of Gozag.
  3183 | D:5      | 3183 ||| UPGRADING to ring of resist corrosion.
  3184 | D:5      | 3184 ||| READING scroll labelled USUERH JOMACIO.
  3220 | D:5      | 3220 ||| DRINKING 2 fuming white potions.
  3221 | D:5      | 3221 ||| DRINKING 2 ruby potions.
  3222 | D:5      | 3222 ||| DROPPING potion of brilliance.
  3385 | D:6      | Found a staircase to the Ecumenical Temple.
  3386 | D:6      | 3386 ||| PLANNING TEMPLE
  3386 | D:6      | 3386 ||| DRINKING 2 fizzy grey potions.
  3395 | Temple   | Entered the Ecumenical Temple
  3467 | Temple   | 3467 ||| PLANNING OKAWARU WORSHIP
  3794 | Temple   | Became a worshipper of Warmaster Okawaru
  3795 | Temple   | 3795 ||| PLANNING D:1-11
  3949 | D:6      | Found a large runed translucent door.
  3951 | D:6      | Noticed qw's ghost (novice MiHs)
  3952 | D:6      | Found a large runed translucent door.
  3958 | D:6      | Reached skill level 5 in Fighting
  3980 | D:6      | 3980 ||| DRINKING potion of curing.
  3980 | D:6      | 3980 ||| (to cure confusion)
  4604 | D:6      | Reached skill level 9 in Ranged Weapons
  4880 | D:7      | 4880 ||| PLANNING OSSUARY
  4916 | D:7      | Found a sand-covered staircase.
  4917 | D:7      | 4917 ||| READING 2 scrolls of identify.
  4917 | D:7      | 4917 ||| IDENTIFYING pink potion
  4918 | D:7      | 4918 ||| DROPPING potion of invisibility.
  4924 | Ossuary  | Entered an ossuary
  5031 | Ossuary  | Noticed Menkaure
  5032 | Ossuary  | Killed Menkaure
  5032 | Ossuary  | Reached * piety under Okawaru
  5033 | Ossuary  | Reached skill level 6 in Fighting
  5044 | Ossuary  | Reached skill level 1 in Invocations
  5044 | Ossuary  | Reached XP level 9. HP: 55/55 MP: 10/10
  5207 | Ossuary  | 5207 ||| READING 3 scrolls labelled NYDEUT VAYHO.
  5208 | Ossuary  | 5208 ||| READING scroll labelled HUOTYONENN.
  5209 | Ossuary  | 5209 ||| DRINKING 2 inky potions.
  5210 | Ossuary  | 5210 ||| DRINKING 2 dark potions.
  5211 | Ossuary  | 5211 ||| READING 2 scrolls of identify.
  5211 | Ossuary  | 5211 ||| IDENTIFYING fuming clear potion
  5212 | Ossuary  | 5212 ||| DROPPING potion of attraction.
  5213 | Ossuary  | 5213 ||| DROPPING potion of berserk rage.
  5214 | Ossuary  | 5214 ||| DROPPING 2 scrolls of blinking.
  5231 | D:7      | 5231 ||| PLANNING D:1-11
  5506 | D:7      | 5506 ||| FLEEEEING.
  5507 | D:7      | 5507 ||| FLEEEEING.
  5508 | D:7      | 5508 ||| FLEEEEING.
  5509 | D:7      | 5509 ||| FLEEEEING.
  5510 | D:7      | 5510 ||| FLEEEEING.
  5514 | D:7      | 5514 ||| FLEEEEING.
  5516 | D:7      | Reached skill level 3 in Invocations
  5631 | D:7      | 5631 ||| Stepping ~*~*~tactically~*~*~ (outnumbered).
  5633 | D:7      | 5633 ||| Stepping ~*~*~tactically~*~*~ (outnumbered).
  5635 | D:7      | 5635 ||| Stepping ~*~*~tactically~*~*~ (outnumbered).
  5817 | D:7      | 5817 ||| UPGRADING to +1 robe of fire resistance.
  5827 | D:7      | 5827 ||| UPGRADING to +0 helmet.
  5840 | D:6      | Noticed a rust devil
  5840 | D:6      | Noticed a rust devil
  5841 | D:6      | 5841 ||| INVOKING Heroism.
  5843 | D:6      | Killed a rust devil
  5843 | D:6      | Reached ** piety under Okawaru
  5844 | D:6      | Reached skill level 3 in Dodging
  5845 | D:6      | Killed a rust devil
  5846 | D:6      | Reached skill level 8 in Fighting
  6012 | D:8      | Reached XP level 10. HP: 64/64 MP: 13/13
  6033 | D:8      | Reached *** piety under Okawaru
  6823 | D:9      | 6823 ||| Stepping ~*~*~tactically~*~*~ (outnumbered).
  6825 | D:9      | 6825 ||| Stepping ~*~*~tactically~*~*~ (outnumbered).
  6828 | D:9      | 6828 ||| Stepping ~*~*~tactically~*~*~ (outnumbered).
  6928 | D:9      | Found Wimeuz's General Store.
  6993 | D:9      | Reached **** piety under Okawaru
  7044 | D:9      | Noticed a two-headed ogre
  7045 | D:9      | 7045 ||| INVOKING Heroism.
  7048 | D:9      | Killed a two-headed ogre
  7049 | D:9      | Reached skill level 12 in Ranged Weapons
  7073 | D:9      | 7073 ||| INVOKING Heroism.
  7211 | D:9      | Found a flagged portal.
  7261 | D:9      | 7261 ||| INVOKING Heroism.
  7282 | D:9      | 7282 ||| BUYING +3 ring mail of Naming {rCorr} (474 gold).
  7282 | D:9      | Bought the +3 ring mail of Naming {rCorr} for 474 gold
                  | pieces
  7282 | D:9      | 7282 ||| SHOPLISTING +6 ring of dexterity (540 gold, have
                  | 65).
  7282 | D:9      | 7282 ||| SHOPLISTING 2 potions of heal wounds (150 gold,
                  | have 65).
  7282 | D:9      | 7282 ||| SHOPLISTING potion of heal wounds (75 gold, have
                  | 65).
  7478 | D:9      | 7478 ||| DROPPING +0 ring mail.
  7479 | D:9      | 7479 ||| UPGRADING to +3 ring mail of Naming {rCorr}.
  7489 | D:9      | 7489 ||| REMOVING ring of resist corrosion.
  7490 | D:9      | 7490 ||| READING scroll labelled PANATAMNICUV.
  7491 | D:9      | 7491 ||| READING 2 scrolls of identify.
  7491 | D:9      | 7491 ||| IDENTIFYING white potion
  7548 | D:10     | Entered Level 10 of the Dungeon
  7551 | D:10     | 7551 ||| STAIRDANCE
  7558 | D:9      | Reached skill level 3 in Armour
  7558 | D:9      | 7558 ||| INVOKING Heroism.
  7669 | D:10     | 7669 ||| INVOKING Heroism.
  7725 | D:10     | 7725 ||| INVOKING Heroism.
  7986 | D:10     | Noticed a brown ugly thing
  7989 | D:10     | Killed a brown ugly thing
  7990 | D:10     | Reached XP level 11. HP: 68/68 MP: 14/14
  8016 | D:10     | Noticed a two-headed ogre
  8017 | D:10     | 8017 ||| INVOKING Heroism.
  8020 | D:10     | Killed a two-headed ogre
  8045 | D:10     | Identified the +2 short sword of Duty {venom, Str+3 Dex+5}
                  | (You took it off an orc on level 10 of the Dungeon)
  8051 | D:10     | 8051 ||| INVOKING Heroism.
  8389 | D:10     | 8389 ||| UPGRADING to ring of protection from fire.
  8390 | D:10     | 8390 ||| DROPPING ring of resist corrosion.
  8391 | D:10     | 8391 ||| DROPPING ring of resist corrosion.
  8392 | D:10     | 8392 ||| UPGRADING to +6 ring of dexterity.
  8394 | D:10     | 8394 ||| READING 2 scrolls of identify.
  8394 | D:10     | 8394 ||| IDENTIFYING bubbling puce potion
  8395 | D:10     | 8395 ||| DROPPING potion of degeneration.
  8436 | D:11     | 8436 ||| READING 2 scrolls of identify.
  8436 | D:11     | 8436 ||| IDENTIFYING bubbling purple potion
  8534 | D:11     | Reached skill level 6 in Invocations
  8617 | D:11     | Found Ocisaneu's Armour Emporium.
  8626 | D:11     | 8626 ||| BUYING +0 cloak (49 gold).
  8626 | D:11     | Bought a +0 cloak for 49 gold pieces
  8626 | D:11     | 8626 ||| BUYING +0 pair of gloves (49 gold).
  8626 | D:11     | Bought a +0 pair of gloves for 49 gold pieces
  8626 | D:11     | 8626 ||| SHOPLISTING +1 pair of gloves (126 gold, have 31).
  8639 | D:11     | Noticed Urug
  8640 | D:11     | 8640 ||| INVOKING Heroism.
  8645 | D:11     | Reached skill level 9 in Fighting
  8646 | D:11     | Killed Urug
  8739 | D:11     | 8739 ||| INVOKING Heroism.
  8780 | D:11     | Noticed a boulder beetle
  8781 | D:11     | 8781 ||| INVOKING Heroism.
  8785 | D:11     | Killed a boulder beetle
  8883 | D:11     | Noticed Erica
  8884 | D:11     | 8884 ||| INVOKING Heroism.
  8888 | D:11     | Killed Erica
  8888 | D:11     | Reached ***** piety under Okawaru
  8905 | D:11     | Found a staircase to the Lair.
  9233 | D:11     | 9233 ||| PLANNING LAIR
  9233 | D:11     | 9233 ||| UPGRADING to +0 cloak.
  9238 | D:11     | 9238 ||| UPGRADING to +0 pair of gloves.
  9243 | D:11     | 9243 ||| UPGRADING to ring of see invisible.
  9313 | Lair:1   | Entered Level 1 of the Lair of Beasts
  9319 | Lair:1   | 9319 ||| INVOKING Heroism.
  9321 | Lair:1   | 9321 ||| Stepping ~*~*~tactically~*~*~ (cloud).
  9438 | Lair:1   | Reached XP level 12. HP: 76/76 MP: 18/18
  9510 | Lair:1   | Identified the scarf of the Carpenter {repulsion, rF+ rN+
                  | Str+3 Slay-3}
  9513 | Lair:1   | 9513 ||| INVOKING Heroism.
  9516 | Lair:1   | Reached skill level 9 in Invocations
  9717 | Lair:1   | 9717 ||| INVOKING Heroism.
  9719 | Lair:1   | Reached skill level 6 in Armour
  9767 | Lair:1   | 9767 ||| INVOKING Heroism.
  9979 | Lair:1   | 9979 ||| UPGRADING to scarf of the Carpenter {repulsion,
                  | rF+ rN+ Str+3 Slay-3}.
  9989 | Lair:1   | 9989 ||| DROPPING +6 ring of intelligence.
 10105 | Lair:2   | 10105 ||| INVOKING Heroism.
 10273 | Lair:2   | 10273 ||| INVOKING Heroism.
 10732 | Lair:2   | 10732 ||| INVOKING Heroism.
 10735 | Lair:2   | Reached skill level 10 in Fighting
 10957 | Lair:2   | 10957 ||| READING scroll labelled KYTSUT SOTOF.
 10958 | Lair:2   | 10958 ||| READING 2 scrolls of identify.
 10958 | Lair:2   | 10958 ||| IDENTIFYING blue potion
 10990 | Lair:3   | Noticed a five-headed hydra
 10991 | Lair:3   | 10991 ||| INVOKING Heroism.
 10995 | Lair:3   | Killed a five-headed hydra
 11001 | Lair:3   | Identified the +3 robe of Dishonesty {Int+5} (Okawaru
                  | gifted it to you on level 3 of the Lair of Beasts)
 11001 | Lair:3   | Received a gift from Okawaru
 11141 | Lair:3   | 11141 ||| Stepping ~*~*~tactically~*~*~ (outnumbered).
 11147 | Lair:3   | Reached skill level 15 in Ranged Weapons
 11155 | Lair:3   | Found a staircase to the Snake Pit.
 11306 | Lair:3   | Reached ****** piety under Okawaru
 11307 | Lair:3   | Reached XP level 13. HP: 77/82 MP: 20/20
 11329 | Lair:3   | Found a staircase to the Shoals.
 11706 | Lair:3   | 11706 ||| INVOKING Heroism.
 11870 | Lair:3   | 11870 ||| DROPPING +3 robe of Dishonesty {Int+5}.
 11871 | Lair:3   | 11871 ||| READING scroll labelled EQARPHECLAIT.
 11892 | Lair:4   | 11892 ||| INVOKING Heroism.
 11907 | Lair:4   | Reached skill level 11 in Fighting
 11911 | Lair:4   | 11911 ||| Stepping ~*~*~tactically~*~*~ (outnumbered).
 11915 | Lair:4   | 11915 ||| INVOKING Heroism.
 11927 | Lair:4   | 11927 ||| Stepping ~*~*~tactically~*~*~ (outnumbered).
 11937 | Lair:4   | Reached skill level 6 in Dodging
 11937 | Lair:4   | 11937 ||| Stepping ~*~*~tactically~*~*~ (outnumbered).
 11973 | Lair:4   | Identified the +3 kite shield of Edalant {rPois} (Okawaru
                  | gifted it to you on level 4 of the Lair of Beasts)
 11973 | Lair:4   | Received a gift from Okawaru
 11975 | Lair:4   | 11975 ||| FLEEEEING.
 11993 | Lair:4   | 11993 ||| FLEEEEING.
 11994 | Lair:4   | 11994 ||| STAIRDANCE
 12119 | Lair:4   | 12119 ||| INVOKING Heroism.
 12248 | Lair:4   | 12248 ||| INVOKING Heroism.
 12271 | Lair:4   | Gained mutation: Your large and strong wings let you fly.
                  | [Gargoyle growth]
 12271 | Lair:4   | Reached XP level 14. HP: 72/90 MP: 21/21
 12408 | Lair:4   | Found a runed translucent door.
 12716 | Lair:5   | Entered Level 5 of the Lair of Beasts
 12782 | Lair:5   | Found a viscous altar of Jiyva.
 12792 | Lair:5   | Found a staircase to the Slime Pits.
 12919 | Lair:5   | 12919 ||| FLEEEEING.
 12920 | Lair:5   | 12920 ||| FLEEEEING.
 12921 | Lair:5   | 12921 ||| FLEEEEING.
 12926 | Lair:5   | 12926 ||| FLEEEEING.
 12927 | Lair:5   | 12927 ||| FLEEEEING.
 12928 | Lair:5   | 12928 ||| FLEEEEING.
 12929 | Lair:5   | 12929 ||| FLEEEEING.
 12930 | Lair:5   | 12930 ||| FLEEEEING.
 12931 | Lair:5   | 12931 ||| FLEEEEING.
 12932 | Lair:5   | 12932 ||| FLEEEEING.
 12933 | Lair:5   | 12933 ||| FLEEEEING.
 12934 | Lair:5   | 12934 ||| FLEEEEING.
 12935 | Lair:5   | 12935 ||| FLEEEEING.
 12938 | Lair:5   | 12938 ||| FLEEEEING.
 12939 | Lair:5   | 12939 ||| FLEEEEING.
 12940 | Lair:5   | 12940 ||| FLEEEEING.
 12941 | Lair:5   | 12941 ||| FLEEEEING.
 12943 | Lair:5   | Reached skill level 18 in Ranged Weapons
 13007 | Lair:5   | Found a frozen archway.
 13010 | Lair:5   | 13010 ||| Stepping ~*~*~tactically~*~*~ (outnumbered).
 13012 | Lair:5   | 13012 ||| INVOKING Heroism.
 13013 | Lair:5   | 13013 ||| INVOKING Finesse.
 13021 | Lair:5   | 13021 ||| Stepping ~*~*~tactically~*~*~ (outnumbered).
 13463 | Lair:5   | Reached skill level 12 in Fighting
 13505 | Lair:5   | Identified the +0 robe of Jefas {Contam Will+ Archmagi}
                  | (Okawaru gifted it to you on level 5 of the Lair of Beasts)
 13505 | Lair:5   | Received a gift from Okawaru
 13566 | Lair:5   | 13566 ||| INVOKING Heroism.
 13582 | Lair:5   | 13582 ||| FLEEEEING.
 13648 | Lair:5   | 13648 ||| INVOKING Heroism.
 13761 | Lair:5   | 13761 ||| FLEEEEING.
 13762 | Lair:5   | 13762 ||| FLEEEEING.
 13766 | Lair:5   | 13766 ||| FLEEEEING.
 13776 | Lair:5   | 13776 ||| INVOKING Heroism.
 13817 | Lair:5   | Found a corrupted altar of Lugonu.
 13817 | Lair:5   | Found a one-way gate to the infinite horrors of the Abyss.
 13901 | Lair:5   | 13901 ||| PLANNING D
 13901 | Lair:5   | 13901 ||| UPGRADING to +2 ring mail of cold resistance.
 13911 | Lair:5   | 13911 ||| DROPPING +0 robe of Jefas {Contam Will+
                  | Archmagi}.
 13912 | Lair:5   | 13912 ||| READING scroll labelled WUOSAY TIFFENN.
 13913 | Lair:5   | 13913 ||| READING 2 scrolls of identify.
 13913 | Lair:5   | 13913 ||| IDENTIFYING puce potion
 13914 | Lair:5   | 13914 ||| DROPPING potion of ambrosia.
 14305 | D:12     | Reached skill level 13 in Fighting
 14391 | D:12     | 14391 ||| INVOKING Heroism.
 14392 | D:12     | 14392 ||| INVOKING Finesse.
 14431 | D:12     | 14431 ||| INVOKING Heroism.
 14452 | D:12     | 14452 ||| FLEEEEING.
 14453 | D:12     | 14453 ||| FLEEEEING.
 14459 | D:12     | 14459 ||| INVOKING Heroism.
 14576 | D:12     | Found a staircase to the Orcish Mines.
 14859 | D:13     | 14859 ||| PLANNING GAUNTLET
 14864 | D:13     | Noticed Azrael
 14865 | D:13     | 14865 ||| Stepping ~*~*~tactically~*~*~ (outnumbered).
 14867 | D:13     | 14867 ||| Stepping ~*~*~tactically~*~*~ (outnumbered).
 14869 | D:13     | 14869 ||| INVOKING Heroism.
 14870 | D:13     | 14870 ||| INVOKING Finesse.
 14873 | D:13     | Received a gift from Okawaru
 14888 | D:13     | Killed Azrael
 14889 | D:13     | Reached XP level 15. HP: 63/98 MP: 16/22
 14949 | D:13     | 14949 ||| STAIRDANCE
 15034 | D:13     | Found a gate to the Vaults.
 15076 | D:13     | Noticed Jorgrun
 15077 | D:13     | 15077 ||| INVOKING Heroism.
 15078 | D:13     | 15078 ||| INVOKING Finesse.
 15088 | D:13     | Killed Jorgrun
 15099 | D:13     | Reached skill level 14 in Fighting
 15127 | D:13     | Found a gate leading to a gauntlet.
 15128 | D:13     | 15128 ||| DROPPING +3 ring mail of Naming {rCorr}.
 15129 | D:13     | 15129 ||| UPGRADING to +0 troll leather armour.
 15139 | D:13     | 15139 ||| DROPPING +2 ring mail of cold resistance.
 15149 | Gauntlet | Entered a Gauntlet
 15149 | Gauntlet | Found a transporter.
 15158 | Gauntlet | Found a transporter.
 15173 | Gauntlet | Found a transporter.
 15178 | Gauntlet | Found a transporter.
 15193 | Gauntlet | Found the +8 frozen axe "Frostbite" {freeze, freezing
                  | cloud, *Noise Fly rC+}
 15197 | Gauntlet | Found a transporter.
 15213 | Gauntlet | Found a transporter.
 15225 | Gauntlet | Found a transporter.
 15231 | Gauntlet | Found a transporter.
 15233 | Gauntlet | Found a transporter.
 15250 | Gauntlet | Found a transporter.
 15256 | Gauntlet | Found a transporter.
 15275 | Gauntlet | Found a transporter.
 15287 | Gauntlet | Found a transporter.
 15304 | Gauntlet | Found a transporter.
 15321 | Gauntlet | Found a transporter.
 15323 | Gauntlet | Found a transporter.
 15348 | Gauntlet | Found a transporter.
 15348 | Gauntlet | Found the +2 cloak of the Thief {*Fog Slay-2 SInv Stlth+}
 15350 | Gauntlet | Found a transporter.
 15562 | Gauntlet | 15562 ||| DROPPING +0 cloak.
 15579 | Gauntlet | 15579 ||| INVOKING Heroism.
 15683 | Gauntlet | Identified the +0 pair of gloves of Pontuth {Stlth+}
 15686 | Gauntlet | 15686 ||| DROPPING +0 pair of gloves of Pontuth {Stlth+}.
 15701 | Gauntlet | Identified the +9 broad axe of Sulphur {antimagic, rN+}
 15702 | Gauntlet | 15702 ||| INVOKING Heroism.
 15739 | D:13     | 15739 ||| PLANNING D
 15997 | D:13     | 15997 ||| FLEEEEING.
 15998 | D:13     | 15998 ||| FLEEEEING.
 15999 | D:13     | 15999 ||| FLEEEEING.
 16000 | D:13     | 16000 ||| FLEEEEING.
 16001 | D:13     | 16001 ||| FLEEEEING.
 16002 | D:13     | 16002 ||| FLEEEEING.
 16008 | D:13     | 16008 ||| INVOKING Heroism.
 16009 | D:13     | 16009 ||| READING 17 scrolls of teleportation.
 16073 | D:13     | Reached skill level 9 in Dodging
 16188 | D:13     | 16188 ||| INVOKING Heroism.
 16190 | D:13     | Received a gift from Okawaru
 16443 | D:13     | 16443 ||| DROPPING amulet of guardian spirit.
 16597 | D:14     | Found a runed translucent door.
 16600 | D:14     | Noticed Jiolyugh's ghost (journeyman GrEE)
 16601 | D:14     | Identified the +8 spear "Killer Bee's Peril" {antimagic,
                  | rF+ Will+}
 16636 | D:14     | 16636 ||| INVOKING Heroism.
 16637 | D:14     | 16637 ||| READING 16 scrolls of teleportation.
 16639 | D:14     | Reached skill level 15 in Fighting
 16651 | D:14     | HP: 25/103 [deep elf high priest/damnation (23)]
 16652 | D:14     | 16652 ||| READING 15 scrolls of teleportation.
 16671 | D:14     | 16671 ||| INVOKING Heroism.
 16676 | D:14     | 16676 ||| Stepping ~*~*~tactically~*~*~ (outnumbered).
 16677 | D:14     | Received a gift from Okawaru
 16938 | D:14     | Reached XP level 16. HP: 110/110 MP: 23/23
 16965 | D:14     | Reached skill level 16 in Fighting
 17138 | D:14     | Found Xigudgh's General Store.
 17146 | D:14     | 17146 ||| BUYING +3 helmet of Pantheism {Harm rPois Dex+2}
                  | (523 gold).
 17146 | D:14     | Bought the +3 helmet of Pantheism {Harm rPois Dex+2} for
                  | 523 gold pieces
 17172 | D:14     | Found a hazy altar of Hepliaklqana.
 17175 | D:14     | Found a faded altar of an unknown god.
 17175 | D:14     | Found a faded altar of an unknown god.
 17501 | D:15     | Entered Level 15 of the Dungeon
 17502 | D:15     | 17502 ||| INVOKING Heroism.
 17553 | D:15     | 17553 ||| INVOKING Heroism.
 17638 | D:15     | 17638 ||| READING scroll of enchant armour.
 17638 | D:15     | 17638 ||| ENCHANTING +0 pair of gloves.
 17644 | D:15     | 17644 ||| INVOKING Heroism.
 17703 | D:15     | Reached skill level 9 in Armour
 17718 | D:15     | Found a staircase to the Depths.
 18149 | D:15     | 18149 ||| PLANNING ORC
 18265 | Orc:1    | Entered Level 1 of the Orcish Mines
 18332 | Orc:2    | Entered Level 2 of the Orcish Mines
 18334 | Orc:2    | Received a gift from Okawaru
 18340 | Orc:2    | Noticed Nessos
 18341 | Orc:2    | 18341 ||| INVOKING Finesse.
 18342 | Orc:2    | 18342 ||| INVOKING Finesse.
 18347 | Orc:2    | Killed Nessos
 18401 | Orc:2    | 18401 ||| INVOKING Heroism.
 18412 | Orc:2    | Found a staircase to the Elven Halls.
 18573 | Orc:1    | 18573 ||| INVOKING Heroism.
 18586 | Orc:1    | You are sucked into a shaft and drop 1 floor!
 18592 | Orc:2    | 18592 ||| Stepping ~*~*~tactically~*~*~ (outnumbered).
 18596 | Orc:2    | 18596 ||| INVOKING Heroism.
 18598 | Orc:2    | Noticed Saint Roka
 18599 | Orc:2    | 18599 ||| INVOKING Finesse.
 18606 | Orc:2    | Reached skill level 17 in Fighting
 18606 | Orc:2    | HP: 18/112 [warg[Saint Roka] (12)]
 18607 | Orc:2    | 18607 ||| READING 15 scrolls of teleportation.
 18608 | Orc:2    | 18608 ||| DRINKING 7 potions of heal wounds.
 18609 | Orc:2    | 18609 ||| DRINKING 6 potions of heal wounds.
 18704 | Orc:2    | 18704 ||| INVOKING Heroism.
 18705 | Orc:2    | 18705 ||| INVOKING Finesse.
 18718 | Orc:2    | Killed Saint Roka
 18719 | Orc:2    | Reached skill level 18 in Fighting
 18756 | Orc:2    | Found Qothryge's Distillery.
 18756 | Orc:2    | Found Tijy's Book Emporium.
 18758 | Orc:2    | Found Ycesis's Antique Armour Emporium.
 18758 | Orc:2    | Found Uryriad's Antique Armour Boutique.
 18777 | Orc:2    | 18777 ||| BUYING glowing robe (103 gold).
 18777 | Orc:2    | Bought a glowing robe for 103 gold pieces
 18777 | Orc:2    | 18777 ||| BUYING runed ring mail (196 gold).
 18777 | Orc:2    | Bought a runed ring mail for 196 gold pieces
 18778 | Orc:2    | 18778 ||| BUYING glowing helmet (210 gold).
 18778 | Orc:2    | Bought a glowing helmet for 210 gold pieces
 18779 | Orc:2    | 18779 ||| BUYING potion of haste (110 gold).
 18779 | Orc:2    | Bought a potion of haste for 110 gold pieces
 18779 | Orc:2    | 18779 ||| BUYING potion of heal wounds (55 gold).
 18779 | Orc:2    | Bought a potion of heal wounds for 55 gold pieces
 18779 | Orc:2    | 18779 ||| BUYING potion of magic (88 gold).
 18779 | Orc:2    | Bought a potion of magic for 88 gold pieces
 18779 | Orc:2    | 18779 ||| BUYING potion of might (44 gold).
 18779 | Orc:2    | Bought a potion of might for 44 gold pieces
 18779 | Orc:2    | 18779 ||| BUYING potion of mutation (88 gold).
 18779 | Orc:2    | Bought a potion of mutation for 88 gold pieces
 19182 | Orc:2    | 19182 ||| DROPPING +1 robe of fire resistance.
 19183 | Orc:2    | 19183 ||| DROPPING +0 robe of cold resistance.
 19184 | Orc:2    | 19184 ||| DROPPING +2 ring mail of cold resistance.
 19185 | Orc:2    | 19185 ||| UPGRADING to +1 helmet.
 19195 | Orc:2    | 19195 ||| DROPPING +0 helmet.
 19216 | Orc:1    | Found Mudoxt's Assorted Antiques.
 19225 | Orc:1    | 19225 ||| BUYING potion of magic (248 gold).
 19225 | Orc:1    | Bought a potion of magic for 248 gold pieces
 19225 | Orc:1    | 19225 ||| BUYING shiny ring mail (217 gold).
 19225 | Orc:1    | Bought a shiny ring mail for 217 gold pieces
 19350 | Orc:1    | 19350 ||| PLANNING SHOALS:1-3
 19350 | Orc:1    | 19350 ||| UPGRADING to +4 ring mail of cold resistance.
 19549 | Shoals:1 | Entered Level 1 of the Shoals
 19550 | Shoals:1 | 19550 ||| Stepping ~*~*~tactically~*~*~ (outnumbered).
 19551 | Shoals:1 | 19551 ||| Stepping ~*~*~tactically~*~*~ (outnumbered).
 19553 | Shoals:1 | 19553 ||| INVOKING Heroism.
 19554 | Shoals:1 | 19554 ||| INVOKING Finesse.
 19572 | Shoals:1 | Reached XP level 17. HP: 119/119 MP: 18/24
 19657 | Shoals:1 | 19657 ||| FLEEEEING.
 19658 | Shoals:1 | 19658 ||| FLEEEEING.
 19659 | Shoals:1 | 19659 ||| FLEEEEING.
 19660 | Shoals:1 | 19660 ||| FLEEEEING.
 19781 | Shoals:1 | 19781 ||| INVOKING Heroism.
 19782 | Shoals:1 | 19782 ||| INVOKING Finesse.
 20310 | Shoals:1 | 20310 ||| DROPPING +2 leather armour of poison resistance.
 20311 | Shoals:1 | 20311 ||| DROPPING amulet of magic regeneration.
 20421 | Shoals:2 | 20421 ||| INVOKING Heroism.
 20447 | Shoals:2 | Noticed a kraken
 20454 | Shoals:2 | 20454 ||| Stepping ~*~*~tactically~*~*~ (outnumbered).
 20512 | Shoals:2 | Killed a kraken
 21128 | Shoals:3 | 21128 ||| INVOKING Heroism.
 21129 | Shoals:3 | 21129 ||| Stepping ~*~*~tactically~*~*~ (outnumbered).
 21189 | Shoals:3 | Noticed Donald
 21190 | Shoals:3 | 21190 ||| INVOKING Finesse.
 21192 | Shoals:3 | 21192 ||| INVOKING Heroism.
 21194 | Shoals:3 | Killed Donald
 21195 | Shoals:3 | Reached skill level 19 in Fighting
 21335 | Shoals:3 | 21335 ||| INVOKING Heroism.
 21556 | Shoals:3 | 21556 ||| INVOKING Heroism.
 21576 | Shoals:3 | 21576 ||| INVOKING Heroism.
 21577 | Shoals:3 | 21577 ||| INVOKING Finesse.
 21917 | Shoals:3 | 21917 ||| PLANNING SNAKE:1-3
 22008 | Snake:1  | Entered Level 1 of the Snake Pit
 22018 | Snake:1  | Reached skill level 12 in Dodging
 22023 | Snake:1  | 22023 ||| INVOKING Heroism.
 22156 | Snake:1  | Found a runed translucent door.
 22165 | Snake:1  | Noticed qw's ghost (adept GrFi)
 22216 | Snake:1  | Reached skill level 12 in Armour
 22376 | Snake:1  | 22376 ||| READING scroll of acquirement.
 22376 | Snake:1  | 22376 ||| ACQUIRING ring of the Death Scarab {rC++ Will+
                  | rCorr Str+2 Int-2}
 22376 | Snake:1  | Acquired the ring of the Death Scarab {rC++ Will+ rCorr
                  | Str+2 Int-2}
 22733 | Snake:1  | 22733 ||| UPGRADING to ring of the Death Scarab {rC++ Will+
                  | rCorr Str+2 Int-2}.
 22735 | Snake:1  | 22735 ||| UPGRADING to +2 cloak of the Thief {*Fog Slay-2
                  | SInv Stlth+}.
 22745 | Snake:1  | 22745 ||| DROPPING ring of protection from cold.
 22825 | Snake:2  | Found Furim's Distillery.
 22833 | Snake:2  | 22833 ||| BUYING 2 potions of might (144 gold).
 22833 | Snake:2  | Bought 2 potions of might for 144 gold pieces
 22833 | Snake:2  | 22833 ||| BUYING potion of curing (54 gold).
 22833 | Snake:2  | Bought a potion of curing for 54 gold pieces
 22833 | Snake:2  | 22833 ||| BUYING potion of curing (54 gold).
 22833 | Snake:2  | Bought a potion of curing for 54 gold pieces
 22833 | Snake:2  | 22833 ||| BUYING potion of enlightenment (90 gold).
 22833 | Snake:2  | Bought a potion of enlightenment for 90 gold pieces
 22833 | Snake:2  | 22833 ||| BUYING potion of haste (180 gold).
 22833 | Snake:2  | Bought a potion of haste for 180 gold pieces
 22842 | Snake:2  | 22842 ||| INVOKING Heroism.
 22967 | Snake:2  | Received a gift from Okawaru
 23091 | Snake:2  | Reached XP level 18. HP: 125/128 MP: 25/25
 23439 | Snake:2  | 23439 ||| INVOKING Heroism.
 23945 | Snake:2  | 23945 ||| Stepping ~*~*~tactically~*~*~ (outnumbered).
 23982 | Snake:2  | Identified the +8 shortbow "Zomoowaep" {drain, Fly rF+}
 23983 | Snake:2  | Identified the +1 demon trident "Ycinapsa" {flame, rF- rC++
                  | rCorr Stlth+}
 23985 | Snake:2  | Identified the +2 leather armour "Tijoet" {rF+}
 24003 | Snake:2  | 24003 ||| Stepping ~*~*~tactically~*~*~ (outnumbered).
 24009 | Snake:2  | Reached skill level 20 in Fighting
 24116 | Snake:2  | 24116 ||| DROPPING +2 leather armour "Tijoet" {rF+}.
 24117 | Snake:2  | 24117 ||| DROPPING +2 robe of fire resistance.
 24147 | Snake:3  | 24147 ||| Stepping ~*~*~tactically~*~*~ (outnumbered).
 24282 | Snake:3  | Identified the +1 quarterstaff "Keumoit" {venom, rF+}
 24283 | Snake:3  | 24283 ||| Stepping ~*~*~tactically~*~*~ (outnumbered).
 24294 | Snake:3  | 24294 ||| INVOKING Heroism.
 24295 | Snake:3  | Identified the +7 rapier "Eschohiy" {freeze, rElec}
                  | (Okawaru gifted it to you on level 3 of the Snake Pit)
 24295 | Snake:3  | Received a gift from Okawaru
 24297 | Snake:3  | 24297 ||| Stepping ~*~*~tactically~*~*~ (outnumbered).
 24299 | Snake:3  | 24299 ||| Stepping ~*~*~tactically~*~*~ (outnumbered).
 24303 | Snake:3  | 24303 ||| Stepping ~*~*~tactically~*~*~ (outnumbered).
 24508 | Snake:3  | 24508 ||| READING scroll of enchant armour.
 24508 | Snake:3  | 24508 ||| ENCHANTING +1 pair of gloves.
 24578 | Snake:3  | 24578 ||| INVOKING Heroism.
 24593 | Snake:3  | Noticed Vashnia
 24594 | Snake:3  | 24594 ||| Stepping ~*~*~tactically~*~*~ (outnumbered).
 24597 | Snake:3  | 24597 ||| Stepping ~*~*~tactically~*~*~ (outnumbered).
 24599 | Snake:3  | 24599 ||| Stepping ~*~*~tactically~*~*~ (outnumbered).
 24611 | Snake:3  | Killed Vashnia
 24737 | Snake:3  | 24737 ||| PLANNING SHOALS:4
 24838 | Shoals:4 | Entered Level 4 of the Shoals
 24842 | Shoals:4 | 24842 ||| STAIRDANCE
 24866 | Shoals:4 | 24866 ||| INVOKING Heroism.
 24867 | Shoals:4 | 24867 ||| INVOKING Finesse.
 25028 | Shoals:4 | 25028 ||| INVOKING Heroism.
 25029 | Shoals:4 | 25029 ||| INVOKING Finesse.
 25040 | Shoals:4 | Reached skill level 21 in Fighting
 25049 | Shoals:4 | HP: 32/132 [snapping turtle (11)]
 25050 | Shoals:4 | 25050 ||| READING 18 scrolls of teleportation.
 25051 | Shoals:4 | 25051 ||| DRINKING 6 potions of heal wounds.
 25297 | Shoals:4 | 25297 ||| INVOKING Heroism.
 25336 | Shoals:4 | 25336 ||| Stepping ~*~*~tactically~*~*~ (outnumbered).
 25616 | Shoals:4 | Got a barnacled rune of Zot
 25684 | Shoals:4 | 25684 ||| INVOKING Heroism.
 25902 | Shoals:4 | 25902 ||| Stepping ~*~*~tactically~*~*~ (outnumbered).
 25904 | Shoals:4 | 25904 ||| Stepping ~*~*~tactically~*~*~ (outnumbered).
 25906 | Shoals:4 | 25906 ||| Stepping ~*~*~tactically~*~*~ (outnumbered).
 25908 | Shoals:4 | 25908 ||| Stepping ~*~*~tactically~*~*~ (outnumbered).
 25910 | Shoals:4 | 25910 ||| Stepping ~*~*~tactically~*~*~ (outnumbered).
 25911 | Shoals:4 | 25911 ||| INVOKING Heroism.
 26001 | Shoals:4 | 26001 ||| INVOKING Heroism.
 26069 | Shoals:4 | 26069 ||| Stepping ~*~*~tactically~*~*~ (outnumbered).
 26070 | Shoals:4 | 26070 ||| INVOKING Heroism.
 26076 | Shoals:4 | Reached XP level 19. HP: 137/137 MP: 24/26
 26333 | Shoals:4 | 26333 ||| PLANNING VAULTS:1-4
 26523 | Vaults:1 | Entered Level 1 of the Vaults
 26524 | Vaults:1 | 26524 ||| PLANNING WIZLAB
 26527 | Vaults:1 | 26527 ||| Stepping ~*~*~tactically~*~*~ (outnumbered).
 26532 | Vaults:1 | 26532 ||| INVOKING Heroism.
 26533 | Vaults:1 | 26533 ||| INVOKING Finesse.
 26673 | Vaults:1 | Received a gift from Okawaru
 26771 | Vaults:1 | 26771 ||| Stepping ~*~*~tactically~*~*~ (outnumbered).
 26784 | Vaults:1 | Reached skill level 22 in Fighting
 26808 | Vaults:1 | 26808 ||| FLEEEEING.
 26812 | Vaults:1 | 26812 ||| FLEEEEING.
 26813 | Vaults:1 | 26813 ||| FLEEEEING.
 26814 | Vaults:1 | 26814 ||| FLEEEEING.
 26815 | Vaults:1 | 26815 ||| FLEEEEING.
 26816 | Vaults:1 | 26816 ||| FLEEEEING.
 26817 | Vaults:1 | 26817 ||| FLEEEEING.
 26818 | Vaults:1 | 26818 ||| FLEEEEING.
 26819 | Vaults:1 | 26819 ||| FLEEEEING.
 26820 | Vaults:1 | 26820 ||| FLEEEEING.
 26821 | Vaults:1 | 26821 ||| FLEEEEING.
 26822 | Vaults:1 | 26822 ||| FLEEEEING.
 26823 | Vaults:1 | 26823 ||| FLEEEEING.
 26824 | Vaults:1 | 26824 ||| FLEEEEING.
 26825 | Vaults:1 | 26825 ||| FLEEEEING.
 26826 | Vaults:1 | 26826 ||| FLEEEEING.
 26910 | Vaults:1 | 26910 ||| Stepping ~*~*~tactically~*~*~ (outnumbered).
 26914 | Vaults:1 | 26914 ||| Stepping ~*~*~tactically~*~*~ (outnumbered).
 27055 | Vaults:1 | Reached skill level 15 in Armour
 27059 | Vaults:1 | 27059 ||| Stepping ~*~*~tactically~*~*~ (outnumbered).
 27200 | Vaults:1 | 27200 ||| DROPPING ring of positive energy.
 27213 | Vaults:1 | 27213 ||| INVOKING Heroism.
 27215 | Vaults:1 | 27215 ||| INVOKING Finesse.
 27300 | Vaults:1 | 27300 ||| RIP WIZLAB
 27345 | Vaults:1 | 27345 ||| PLANNING VAULTS:1-4
 27485 | Vaults:1 | You are sucked into a shaft and drop 1 floor!
 27485 | Vaults:2 | Found Egiant's Antique Armour Shop.
 27498 | Vaults:2 | Received a gift from Okawaru
 27521 | Vaults:2 | 27521 ||| BUYING embroidered robe (111 gold).
 27521 | Vaults:2 | Bought an embroidered robe for 111 gold pieces
 27605 | Vaults:2 | 27605 ||| Stepping ~*~*~tactically~*~*~ (outnumbered).
 27687 | Vaults:2 | Found a runed translucent door.
 27713 | Vaults:2 | 27713 ||| UPGRADING to +1 pair of boots of stealth.
 27723 | Vaults:2 | 27723 ||| DROPPING +0 pair of boots.
 27724 | Vaults:2 | 27724 ||| DROPPING +2 robe of fire resistance.
 27791 | Vaults:1 | 27791 ||| Stepping ~*~*~tactically~*~*~ (outnumbered).
 27793 | Vaults:1 | 27793 ||| Stepping ~*~*~tactically~*~*~ (outnumbered).
 27795 | Vaults:1 | 27795 ||| Stepping ~*~*~tactically~*~*~ (outnumbered).
 27797 | Vaults:1 | 27797 ||| Stepping ~*~*~tactically~*~*~ (outnumbered).
 27846 | Vaults:1 | 27846 ||| INVOKING Heroism.
 27847 | Vaults:1 | 27847 ||| INVOKING Finesse.
 27849 | Vaults:1 | 27849 ||| Stepping ~*~*~tactically~*~*~ (outnumbered).
 27850 | Vaults:1 | 27850 ||| Stepping ~*~*~tactically~*~*~ (outnumbered).
 27855 | Vaults:1 | 27855 ||| Stepping ~*~*~tactically~*~*~ (outnumbered).
 28372 | Vaults:2 | Reached XP level 20. HP: 109/147 MP: 27/27
 28374 | Vaults:2 | 28374 ||| INVOKING Heroism.
 28381 | Vaults:2 | Reached skill level 23 in Fighting
 28544 | Vaults:2 | 28544 ||| FLEEEEING.
 28545 | Vaults:2 | 28545 ||| FLEEEEING.
 28546 | Vaults:2 | 28546 ||| FLEEEEING.
 28547 | Vaults:2 | 28547 ||| FLEEEEING.
 28548 | Vaults:2 | 28548 ||| FLEEEEING.
 28549 | Vaults:2 | 28549 ||| FLEEEEING.
 28550 | Vaults:2 | 28550 ||| FLEEEEING.
 28551 | Vaults:2 | 28551 ||| FLEEEEING.
 28552 | Vaults:2 | 28552 ||| FLEEEEING.
 28553 | Vaults:2 | 28553 ||| FLEEEEING.
 28554 | Vaults:2 | 28554 ||| FLEEEEING.
 28565 | Vaults:2 | 28565 ||| FLEEEEING.
 28566 | Vaults:2 | 28566 ||| FLEEEEING.
 28567 | Vaults:2 | 28567 ||| FLEEEEING.
 28568 | Vaults:2 | 28568 ||| FLEEEEING.
 28569 | Vaults:2 | 28569 ||| FLEEEEING.
 28570 | Vaults:2 | 28570 ||| FLEEEEING.
 28571 | Vaults:2 | 28571 ||| FLEEEEING.
 28572 | Vaults:2 | 28572 ||| FLEEEEING.
 28573 | Vaults:2 | 28573 ||| FLEEEEING.
 28574 | Vaults:2 | 28574 ||| FLEEEEING.
 28575 | Vaults:2 | 28575 ||| FLEEEEING.
 28581 | Vaults:2 | 28581 ||| FLEEEEING.
 28587 | Vaults:2 | 28587 ||| Stepping ~*~*~tactically~*~*~ (outnumbered).
 28588 | Vaults:2 | 28588 ||| Stepping ~*~*~tactically~*~*~ (outnumbered).
 28590 | Vaults:2 | 28590 ||| Stepping ~*~*~tactically~*~*~ (outnumbered).
 28931 | Vaults:2 | Found a staircase to the Crypt.
 29156 | Vaults:3 | 29156 ||| INVOKING Heroism.
 29157 | Vaults:3 | 29157 ||| INVOKING Finesse.
 29364 | Vaults:3 | 29364 ||| FLEEEEING.
 29365 | Vaults:3 | 29365 ||| FLEEEEING.
 29451 | Vaults:3 | 29451 ||| INVOKING Heroism.
 29463 | Vaults:3 | 29463 ||| Stepping ~*~*~tactically~*~*~ (outnumbered).
 29470 | Vaults:3 | 29470 ||| Stepping ~*~*~tactically~*~*~ (outnumbered).
 29474 | Vaults:3 | 29474 ||| Stepping ~*~*~tactically~*~*~ (outnumbered).
 29661 | Vaults:3 | 29661 ||| Stepping ~*~*~tactically~*~*~ (outnumbered).
 29664 | Vaults:3 | 29664 ||| Stepping ~*~*~tactically~*~*~ (outnumbered).
 29666 | Vaults:3 | 29666 ||| Stepping ~*~*~tactically~*~*~ (outnumbered).
 29675 | Vaults:3 | Identified the +0 chain mail "Uvuynkud" {Rampage Int+2}
                  | (Okawaru gifted it to you on level 3 of the Vaults)
 29675 | Vaults:3 | Received a gift from Okawaru
 29689 | Vaults:3 | Reached skill level 15 in Dodging
 29689 | Vaults:3 | 29689 ||| Stepping ~*~*~tactically~*~*~ (outnumbered).
 29695 | Vaults:3 | 29695 ||| INVOKING Heroism.
 29817 | Vaults:3 | Found Botag's Jewellery Emporium.
 29825 | Vaults:3 | 29825 ||| BUYING +6 ring of dexterity (468 gold).
 29825 | Vaults:3 | Bought a +6 ring of dexterity for 468 gold pieces
 29825 | Vaults:3 | 29825 ||| SHOPLISTING amulet of Past Mistakes {Spirit
                  | Rampage rC+ Dex+4} (681 gold, have 503).
 30006 | Vaults:3 | Found Ixav's Jewellery Emporium.
 30049 | Vaults:3 | Found Zobaz's Weapon Shoppe.
 30253 | Vaults:3 | Noticed Boris
 30255 | Vaults:3 | 30255 ||| INVOKING Heroism.
 30256 | Vaults:3 | 30256 ||| INVOKING Finesse.
 30262 | Vaults:3 | Killed Boris
 30558 | Vaults:3 | Found Soima's Jewellery Emporium.
 30566 | Vaults:3 | 30566 ||| SHOPLISTING ring "Gaozi" {Str+6 Dex+4 SInv} (722
                  | gold, have 715).
 30616 | Vaults:3 | 30616 ||| DROPPING +6 ring of strength.
 30675 | Vaults:3 | Found Yttil's Assorted Antiques.
 30699 | Vaults:3 | 30699 ||| DROPPING ring of protection from fire.
 30700 | Vaults:3 | 30700 ||| DROPPING ring of see invisible.
 30767 | Vaults:4 | 30767 ||| Stepping ~*~*~tactically~*~*~ (outnumbered).
 30772 | Vaults:4 | 30772 ||| Stepping ~*~*~tactically~*~*~ (outnumbered).
 30776 | Vaults:4 | Reached skill level 24 in Fighting
 30849 | Vaults:4 | 30849 ||| FLEEEEING.
 30850 | Vaults:4 | 30850 ||| FLEEEEING.
 30851 | Vaults:4 | 30851 ||| FLEEEEING.
 30857 | Vaults:4 | Reached XP level 21. HP: 119/156 MP: 28/28
 30860 | Vaults:4 | 30860 ||| INVOKING Heroism.
 31021 | Vaults:4 | 31021 ||| Stepping ~*~*~tactically~*~*~ (outnumbered).
 31023 | Vaults:4 | 31023 ||| Stepping ~*~*~tactically~*~*~ (outnumbered).
 31030 | Vaults:4 | 31030 ||| Stepping ~*~*~tactically~*~*~ (outnumbered).
 31078 | Vaults:4 | Identified the +1 helmet "Forget-Me-Not" {Int+3 Dex+2}
                  | (Okawaru gifted it to you on level 4 of the Vaults)
 31078 | Vaults:4 | Received a gift from Okawaru
 31084 | Vaults:4 | Noticed Boris
 31085 | Vaults:4 | 31085 ||| INVOKING Heroism.
 31086 | Vaults:4 | 31086 ||| INVOKING Finesse.
 31098 | Vaults:4 | Killed Boris
 31139 | Vaults:4 | 31139 ||| FLEEEEING.
 31286 | Vaults:4 | 31286 ||| Stepping ~*~*~tactically~*~*~ (outnumbered).
 31298 | Vaults:4 | 31298 ||| Stepping ~*~*~tactically~*~*~ (outnumbered).
 31462 | Vaults:4 | 31462 ||| Stepping ~*~*~tactically~*~*~ (outnumbered).
 31464 | Vaults:4 | 31464 ||| INVOKING Heroism.
 31516 | Vaults:4 | 31516 ||| Stepping ~*~*~tactically~*~*~ (outnumbered).
 31606 | Vaults:4 | 31606 ||| READING scroll of acquirement.
 31606 | Vaults:4 | 31606 ||| ACQUIRING +27 heavy crossbow "Sniper" {heavy,
                  | Acc+∞ SInv}
 31606 | Vaults:4 | Acquired the +27 heavy crossbow "Sniper" {heavy, Acc+∞
                  | SInv}
 31606 | Vaults:4 | Found the +27 heavy crossbow "Sniper" {heavy, Acc+∞ SInv}
 31608 | Vaults:4 | 31608 ||| SWAPPING to +27 heavy crossbow "Sniper" {heavy,
                  | Acc+∞ SInv}.
 31609 | Vaults:4 | 31609 ||| DROPPING +6 arbalest "Damnation" {damnation}.
 32185 | Vaults:4 | Identified the +0 scale mail of the Flute {Harm Slay+5}
 32186 | Vaults:4 | 32186 ||| PLANNING SNAKE:4
 32186 | Vaults:4 | 32186 ||| UPGRADING to +1 helmet "Forget-Me-Not" {Int+3
                  | Dex+2}.
 32196 | Vaults:4 | 32196 ||| UPGRADING to scarf of the Carpenter {repulsion,
                  | rF+ rN+ Str+3 Slay-3}.
 32206 | Vaults:4 | 32206 ||| DROPPING +1 helmet.
 32207 | Vaults:4 | 32207 ||| UPGRADING to +6 ring of dexterity.
 32538 | Snake:4  | Entered Level 4 of the Snake Pit
 32539 | Snake:4  | 32539 ||| STAIRDANCE
 32682 | Snake:4  | 32682 ||| Stepping ~*~*~tactically~*~*~ (outnumbered).
 32682 | Snake:4  | Found Yprahir's Armour Boutique.
 32682 | Snake:4  | Found Laenawiu's Jewellery Shop.
 32683 | Snake:4  | Found Jor Quy's Antique Armour Shop.
 32690 | Snake:4  | 32690 ||| BUYING dyed leather armour (165 gold).
 32690 | Snake:4  | Bought a dyed leather armour for 165 gold pieces
 32690 | Snake:4  | 32690 ||| BUYING glowing helmet (247 gold).
 32690 | Snake:4  | Bought a glowing helmet for 247 gold pieces
 32690 | Snake:4  | 32690 ||| BUYING glowing ring mail (231 gold).
 32690 | Snake:4  | Bought a glowing ring mail for 231 gold pieces
 32690 | Snake:4  | 32690 ||| BUYING pair of glowing gloves (247 gold).
 32690 | Snake:4  | Bought a pair of glowing gloves for 247 gold pieces
 32690 | Snake:4  | Found Catrejeu's Distillery.
 32693 | Snake:4  | 32693 ||| SHOPLISTING +3 ring mail of fire resistance (520
                  | gold, have 147).
 32697 | Snake:4  | 32697 ||| SHOPLISTING 2 potions of magic (176 gold, have
                  | 147).
 32697 | Snake:4  | 32697 ||| BUYING potion of curing (33 gold).
 32697 | Snake:4  | Bought a potion of curing for 33 gold pieces
 32697 | Snake:4  | 32697 ||| BUYING potion of curing (33 gold).
 32697 | Snake:4  | Bought a potion of curing for 33 gold pieces
 32697 | Snake:4  | 32697 ||| BUYING potion of might (44 gold).
 32697 | Snake:4  | Bought a potion of might for 44 gold pieces
 32697 | Snake:4  | 32697 ||| SHOPLISTING potion of mutation (88 gold, have
                  | 37).
 32700 | Snake:4  | 32700 ||| SHOPLISTING ring "Nagi" {Will+ Dex+5 SInv} (571
                  | gold, have 37).
 33081 | Snake:4  | 33081 ||| Stepping ~*~*~tactically~*~*~ (outnumbered).
 33083 | Snake:4  | 33083 ||| Stepping ~*~*~tactically~*~*~ (outnumbered).
 33086 | Snake:4  | Identified the +7 orcbow "Seukeuq" {heavy, Dex+2} (Okawaru
                  | gifted it to you on level 4 of the Snake Pit)
 33086 | Snake:4  | Received a gift from Okawaru
 33112 | Snake:4  | 33112 ||| Stepping ~*~*~tactically~*~*~ (outnumbered).
 33130 | Snake:4  | 33130 ||| FLEEEEING.
 33131 | Snake:4  | 33131 ||| FLEEEEING.
 33132 | Snake:4  | 33132 ||| FLEEEEING.
 33133 | Snake:4  | 33133 ||| FLEEEEING.
 33134 | Snake:4  | 33134 ||| FLEEEEING.
 33135 | Snake:4  | 33135 ||| FLEEEEING.
 33213 | Snake:4  | Got a serpentine rune of Zot
 33404 | Snake:4  | 33404 ||| Stepping ~*~*~tactically~*~*~ (outnumbered).
 33484 | Snake:4  | Noticed Nikola
 33489 | Snake:4  | Killed Nikola
 33564 | Snake:4  | 33564 ||| PLANNING DEPTHS
 33564 | Snake:4  | 33564 ||| DROPPING +0 leather armour of cold resistance.
 33565 | Snake:4  | 33565 ||| DROPPING +2 helmet of intelligence.
 33566 | Snake:4  | 33566 ||| DROPPING +0 ring mail of cold resistance.
 33567 | Snake:4  | 33567 ||| UPGRADING to +2 pair of gloves of dexterity.
 33577 | Snake:4  | 33577 ||| DROPPING +2 pair of gloves.
 33578 | Snake:4  | 33578 ||| DROPPING scarf of shadows.
 33823 | Depths:1 | Entered Level 1 of the Depths
 33865 | Depths:1 | Noticed Louise
 33867 | Depths:1 | Killed Louise
 33889 | Depths:1 | 33889 ||| INVOKING Finesse.
 33926 | Depths:1 | 33926 ||| INVOKING Heroism.
 33927 | Depths:1 | 33927 ||| INVOKING Finesse.
 33987 | Depths:1 | Reached XP level 22. HP: 161/161 MP: 29/29
 34177 | Depths:1 | 34177 ||| READING scroll of enchant armour.
 34177 | Depths:1 | 34177 ||| ENCHANTING +1 pair of boots of stealth.
 34194 | Depths:1 | Found a gateway to Hell.
 34295 | Depths:1 | Found Puxet's Pet Rocks.
 34636 | Depths:2 | 34636 ||| Stepping ~*~*~tactically~*~*~ (outnumbered).
 34638 | Depths:2 | 34638 ||| Stepping ~*~*~tactically~*~*~ (outnumbered).
 34641 | Depths:2 | Received a gift from Okawaru
 34648 | Depths:2 | 34648 ||| INVOKING Finesse.
 34652 | Depths:2 | Reached skill level 21 in Ranged Weapons
 34657 | Depths:2 | 34657 ||| INVOKING Heroism.
 34665 | Depths:2 | 34665 ||| DRINKING 14 potions of curing.
 34665 | Depths:2 | 34665 ||| (to cure confusion)
 34876 | Depths:2 | Found a one-way gate leading to the halls of Pandemonium.
 34941 | Depths:2 | 34941 ||| INVOKING Heroism.
 34949 | Depths:2 | 34949 ||| INVOKING Finesse.
 34993 | Depths:2 | Found a shimmering blue altar of Sif Muna.
 35107 | Depths:2 | 35107 ||| INVOKING Heroism.
 35108 | Depths:2 | 35108 ||| INVOKING Finesse.
 35209 | Depths:2 | 35209 ||| DRINKING 13 potions of curing.
 35209 | Depths:2 | 35209 ||| (to cure confusion)
 35210 | Depths:2 | 35210 ||| DROPPING +1 pair of boots of rampaging.
 35219 | Depths:2 | 35219 ||| DRINKING 12 potions of curing.
 35219 | Depths:2 | 35219 ||| (to cure confusion)
 35397 | Depths:3 | 35397 ||| Stepping ~*~*~tactically~*~*~ (outnumbered).
 35398 | Depths:3 | 35398 ||| Stepping ~*~*~tactically~*~*~ (outnumbered).
 35405 | Depths:3 | 35405 ||| FLEEEEING.
 35406 | Depths:3 | 35406 ||| Stepping ~*~*~tactically~*~*~ (outnumbered).
 35408 | Depths:3 | 35408 ||| FLEEEEING.
 35409 | Depths:3 | 35409 ||| INVOKING Heroism.
 35411 | Depths:3 | 35411 ||| Stepping ~*~*~tactically~*~*~ (outnumbered).
 35468 | Depths:3 | 35468 ||| FLEEEEING.
 35469 | Depths:3 | 35469 ||| FLEEEEING.
 35471 | Depths:3 | 35471 ||| INVOKING Heroism.
 35484 | Depths:3 | 35484 ||| INVOKING Heroism.
 35547 | Depths:3 | Noticed the Enchantress
 35548 | Depths:3 | 35548 ||| INVOKING Heroism.
 35549 | Depths:3 | 35549 ||| INVOKING Finesse.
 35550 | Depths:3 | Killed the Enchantress
 35554 | Depths:3 | 35554 ||| Stepping ~*~*~tactically~*~*~ (outnumbered).
 35577 | Depths:3 | Identified the +1 scale mail of Okawaru's Favour {rN+ Int+4
                  | Slay-2} (Okawaru gifted it to you on level 3 of the Depths)
 35577 | Depths:3 | Received a gift from Okawaru
 35581 | Depths:3 | Reached XP level 23. HP: 84/167 MP: 28/30
 35721 | Depths:3 | 35721 ||| FLEEEEING.
 35781 | Depths:3 | Identified the ring "Foceg" {Ice rCorr MP+9 Str+8 Dex-5}
 35781 | Depths:3 | Noticed Josephina
 35782 | Depths:3 | 35782 ||| FLEEEEING.
 35785 | Depths:3 | 35785 ||| INVOKING Heroism.
 35788 | Depths:3 | 35788 ||| INVOKING Finesse.
 35791 | Depths:3 | Killed Josephina
 35967 | Depths:3 | 35967 ||| Stepping ~*~*~tactically~*~*~ (outnumbered).
 36047 | Depths:3 | Found a sparkling altar of Nemelex Xobeh.
 36393 | Depths:3 | 36393 ||| INVOKING Heroism.
 36518 | Depths:4 | Entered Level 4 of the Depths
 36521 | Depths:4 | 36521 ||| Stepping ~*~*~tactically~*~*~ (outnumbered).
 36527 | Depths:4 | 36527 ||| INVOKING Heroism.
 36528 | Depths:4 | 36528 ||| INVOKING Finesse.
 36577 | Depths:4 | 36577 ||| FLEEEEING.
 36578 | Depths:4 | 36578 ||| STAIRDANCE
 36637 | Depths:4 | Found a one-way gateway to a ziggurat.
 36655 | Depths:4 | Found a runed translucent gate.
 36655 | Depths:4 | Found a runed translucent gate.
 36656 | Depths:4 | Noticed Plog's ghost (adept DgCj)
 36658 | Depths:4 | Found a runed translucent gate.
 36711 | Depths:4 | 36711 ||| Stepping ~*~*~tactically~*~*~ (outnumbered).
 36716 | Depths:4 | 36716 ||| Stepping ~*~*~tactically~*~*~ (outnumbered).
 36718 | Depths:4 | 36718 ||| Stepping ~*~*~tactically~*~*~ (outnumbered).
 36727 | Depths:4 | 36727 ||| INVOKING Heroism.
 36729 | Depths:4 | Reached skill level 18 in Dodging
 36742 | Depths:4 | 36742 ||| Stepping ~*~*~tactically~*~*~ (outnumbered).
 36776 | Depths:4 | Found a gate to the Realm of Zot.
 37412 | Depths:4 | 37412 ||| PLANNING VAULTS:5
 37412 | Depths:4 | 37412 ||| DROPPING +1 pair of gloves.
 37413 | Depths:4 | 37413 ||| UPGRADING to ring of the Death Scarab {rC++ Will+
                  | rCorr Str+2 Int-2}.
 37737 | Vaults:5 | Entered Level 5 of the Vaults
 37740 | Vaults:5 | 37740 ||| STAIRDANCE
 37744 | Vaults:4 | 37744 ||| INVOKING Heroism.
 37963 | Vaults:5 | 37963 ||| INVOKING Heroism.
 37963 | Vaults:5 | Noticed an ancient lich
 37965 | Vaults:5 | Noticed a golden dragon
 37968 | Vaults:5 | Identified the ring of Kosmeal {rC+ rN+ Will+ SInv}
 37969 | Vaults:5 | Noticed an ancient lich
 37969 | Vaults:5 | HP: 11/167 [ancient lich/crystal spear (83)]
 37970 | Vaults:5 | 37970 ||| READING 21 scrolls of teleportation.
 37971 | Vaults:5 | 37971 ||| DRINKING 5 potions of heal wounds.
 37972 | Vaults:5 | 37972 ||| DRINKING 4 potions of heal wounds.
 37973 | Vaults:5 | 37973 ||| DRINKING 3 potions of heal wounds.
 37974 | Vaults:5 | 37974 ||| READING 20 scrolls of teleportation.
 37979 | Vaults:5 | 37979 ||| DRINKING 3 potions of cancellation.
 37980 | Vaults:5 | 37980 ||| INVOKING Heroism.
 37988 | Vaults:5 | 37988 ||| Stepping ~*~*~tactically~*~*~ (outnumbered).
 37988 | Vaults:5 | HP: 23/168 [quicksilver dragon (20)]
 37988 | Vaults:5 | HP: 1/168 [balrug/+2 demon whip of draining[a deep elf
                  | demonologist] (13)]
 37989 | Vaults:5 | 37989 ||| READING 19 scrolls of teleportation.
 37990 | Vaults:5 | 37990 ||| DRINKING 2 potions of heal wounds.
 37991 | Vaults:5 | 37991 ||| DRINKING potion of heal wounds.
 37992 | Vaults:5 | 37992 ||| Stepping ~*~*~tactically~*~*~ (outnumbered).
 38047 | Vaults:5 | 38047 ||| INVOKING Heroism.
 38084 | Vaults:5 | Noticed a golden dragon
 38086 | Vaults:5 | Killed a golden dragon
 38154 | Vaults:5 | 38154 ||| INVOKING Heroism.
 38265 | Vaults:5 | 38265 ||| INVOKING Heroism.
 38324 | Vaults:5 | 38324 ||| INVOKING Heroism.
 38329 | Vaults:5 | Reached skill level 25 in Fighting
 38363 | Vaults:5 | 38363 ||| INVOKING Heroism.
 38370 | Vaults:5 | 38370 ||| Stepping ~*~*~tactically~*~*~ (outnumbered).
 38435 | Vaults:5 | 38435 ||| INVOKING Heroism.
 38515 | Vaults:5 | Reached XP level 24. HP: 168/176 MP: 30/30
 38537 | Vaults:5 | 38537 ||| Stepping ~*~*~tactically~*~*~ (outnumbered).
 38592 | Vaults:5 | 38592 ||| INVOKING Heroism.
 38614 | Vaults:5 | Identified the +0 pair of gloves of Luss {Will++ Int+3
                  | Dex+2}
 38634 | Vaults:5 | 38634 ||| INVOKING Heroism.
 38649 | Vaults:5 | 38649 ||| Stepping ~*~*~tactically~*~*~ (outnumbered).
 38657 | Vaults:5 | 38657 ||| INVOKING Finesse.
 38664 | Vaults:5 | Killed an ancient lich
 38668 | Vaults:5 | 38668 ||| INVOKING Heroism.
 38685 | Vaults:5 | Reached skill level 26 in Fighting
 38701 | Vaults:5 | 38701 ||| INVOKING Heroism.
 38770 | Vaults:5 | 38770 ||| INVOKING Heroism.
 38908 | Vaults:5 | Identified the +3 morningstar "Buveq" {flame, Str+4 Dex+5}
 38914 | Vaults:5 | 38914 ||| INVOKING Heroism.
 38918 | Vaults:5 | Killed an ancient lich
 39166 | Vaults:5 | Got a silver rune of Zot
 39248 | Vaults:5 | 39248 ||| INVOKING Heroism.
 39252 | Vaults:5 | 39252 ||| Stepping ~*~*~tactically~*~*~ (outnumbered).
 39293 | Vaults:5 | 39293 ||| INVOKING Heroism.
 39363 | Vaults:5 | Received a gift from Okawaru
 39380 | Vaults:5 | Identified the +0 broad axe of the Thing {elec, rPois rF++
                  | rC-}
 39645 | Vaults:5 | 39645 ||| INVOKING Heroism.
 39730 | Vaults:5 | 39730 ||| PLANNING SHOPPING SPREE
 39730 | Vaults:5 | 39730 ||| UPGRADING to quicksilver dragon scales.
 39740 | Vaults:5 | 39740 ||| DROPPING +0 troll leather armour.
 39741 | Vaults:5 | 39741 ||| DROPPING +1 pair of boots.
 40004 | D:9      | 40004 ||| BUYING 2 potions of heal wounds (150 gold).
 40004 | D:9      | Bought 2 potions of heal wounds for 150 gold pieces
 40004 | D:9      | 40004 ||| BUYING potion of heal wounds (75 gold).
 40004 | D:9      | Bought a potion of heal wounds for 75 gold pieces
 40200 | Snake:4  | 40200 ||| BUYING 2 potions of magic (176 gold).
 40200 | Snake:4  | Bought 2 potions of magic for 176 gold pieces
 40200 | Snake:4  | 40200 ||| BUYING potion of mutation (88 gold).
 40200 | Snake:4  | Bought a potion of mutation for 88 gold pieces
 40561 | Snake:4  | 40561 ||| BUYING +3 ring mail of fire resistance (520
                  | gold).
 40561 | Snake:4  | Bought a +3 ring mail of fire resistance for 520 gold
                  | pieces
 40561 | Snake:4  | 40561 ||| DROPPING +2 ring mail of fire resistance.
 40568 | Snake:4  | 40568 ||| BUYING ring "Nagi" {Will+ Dex+5 SInv} (571 gold).
 40568 | Snake:4  | Bought the ring "Nagi" {Will+ Dex+5 SInv} for 571 gold
                  | pieces
 40568 | Snake:4  | 40568 ||| UPGRADING to ring "Nagi" {Will+ Dex+5 SInv}.
 40570 | Snake:4  | 40570 ||| CLEARING SHOPPING LIST
 40570 | Snake:4  | 40570 ||| PLANNING ZOT:1-4
 40914 | Zot:1    | Entered Level 1 of the Realm of Zot
 41385 | Zot:1    | 41385 ||| INVOKING Heroism.
 41479 | Zot:1    | 41479 ||| INVOKING Heroism.
 41631 | Zot:1    | 41631 ||| FLEEEEING.
 41632 | Zot:1    | 41632 ||| FLEEEEING.
 41633 | Zot:1    | 41633 ||| FLEEEEING.
 41634 | Zot:1    | 41634 ||| FLEEEEING.
 41635 | Zot:1    | 41635 ||| FLEEEEING.
 41636 | Zot:1    | 41636 ||| FLEEEEING.
 41637 | Zot:1    | 41637 ||| FLEEEEING.
 41638 | Zot:1    | 41638 ||| FLEEEEING.
 41639 | Zot:1    | 41639 ||| FLEEEEING.
 41640 | Zot:1    | 41640 ||| FLEEEEING.
 41749 | Zot:1    | 41749 ||| Stepping ~*~*~tactically~*~*~ (outnumbered).
 41788 | Zot:2    | 41788 ||| INVOKING Heroism.
 42004 | Zot:2    | Paralysed by a Zot trap for 3 turns
 42004 | Zot:2    | Noticed a Killer Klown
 42008 | Zot:2    | Noticed a Killer Klown
 42021 | Zot:2    | 42021 ||| INVOKING Heroism.
 42027 | Zot:2    | Killed a Killer Klown
 42034 | Zot:2    | Killed a Killer Klown
 42035 | Zot:2    | Reached skill level 18 in Armour
 42048 | Zot:2    | 42048 ||| INVOKING Heroism.
 42239 | Zot:2    | You are sucked into a shaft and drop 2 floors!
 42253 | Zot:3    | Received a gift from Okawaru
 42261 | Zot:3    | 42261 ||| INVOKING Heroism.
 42407 | Zot:2    | 42407 ||| INVOKING Heroism.
 42757 | Zot:2    | 42757 ||| INVOKING Heroism.
 42762 | Zot:2    | Reached XP level 25. HP: 184/185 MP: 29/30
 42833 | Zot:3    | Noticed an orb of fire
 42834 | Zot:3    | Noticed an orb of fire
 42855 | Zot:3    | Noticed Cyqimiab's ghost (legendary MfGl)
 42855 | Zot:3    | Noticed Toelubet's ghost (veteran CeHu)
 42856 | Zot:3    | Noticed Netemen's ghost (master GnFi)
 42951 | Zot:3    | 42951 ||| INVOKING Heroism.
 42986 | Zot:3    | Found a transporter.
 42988 | Zot:3    | Found a transporter.
 43100 | Zot:3    | 43100 ||| INVOKING Heroism.
 43251 | Zot:3    | 43251 ||| INVOKING Heroism.
 43630 | Zot:3    | 43630 ||| INVOKING Heroism.
 43699 | Zot:3    | 43699 ||| DROPPING +1 cloak of stealth.
 43859 | Zot:4    | 43859 ||| INVOKING Heroism.
 44149 | Zot:4    | Noticed an orb of fire
 44150 | Zot:4    | 44150 ||| DRINKING potion of resistance.
 44151 | Zot:4    | 44151 ||| INVOKING Heroism.
 44156 | Zot:4    | Killed an orb of fire
 44169 | Zot:4    | 44169 ||| Stepping ~*~*~tactically~*~*~ (outnumbered).
 44173 | Zot:4    | 44173 ||| INVOKING Heroism.
 44178 | Zot:4    | Reached skill level 21 in Armour
 44178 | Zot:4    | 44178 ||| Stepping ~*~*~tactically~*~*~ (outnumbered).
 44179 | Zot:4    | 44179 ||| Stepping ~*~*~tactically~*~*~ (outnumbered).
 44219 | Zot:4    | 44219 ||| INVOKING Heroism.
 44354 | Zot:4    | 44354 ||| INVOKING Heroism.
 44368 | Zot:4    | 44368 ||| INVOKING Heroism.
 44429 | Zot:4    | 44429 ||| INVOKING Heroism.
 44433 | Zot:4    | 44433 ||| Stepping ~*~*~tactically~*~*~ (outnumbered).
 44474 | Zot:4    | 44474 ||| READING scroll of acquirement.
 44474 | Zot:4    | 44474 ||| ACQUIRING +5 pair of boots "Mociuzoh" {Will+
                  | Dex+2}
 44474 | Zot:4    | Acquired the +5 pair of boots "Mociuzoh" {Will+ Dex+2}
 44503 | Zot:4    | Identified the +4 orcbow of Muont {antimagic, +Blink rF-
                  | rC++ Stlth+}
 44645 | Zot:4    | 44645 ||| PLANNING ORB
 44645 | Zot:4    | 44645 ||| UPGRADING to +5 pair of boots "Mociuzoh" {Will+
                  | Dex+2}.
 44655 | Zot:4    | 44655 ||| DROPPING +2 pair of boots of stealth.
 44656 | Zot:4    | 44656 ||| UPGRADING to +3 ring mail of fire resistance.
 44666 | Zot:4    | 44666 ||| READING scroll of enchant armour.
 44666 | Zot:4    | 44666 ||| ENCHANTING +3 ring mail of fire resistance.
 44703 | Zot:5    | Entered Level 5 of the Realm of Zot
 44734 | Zot:5    | 44734 ||| Stepping ~*~*~tactically~*~*~ (cloud).
 44967 | Zot:5    | Found a runed translucent gate.
 44967 | Zot:5    | Found a runed translucent gate.
 44968 | Zot:5    | Found a runed translucent gate.
 44969 | Zot:5    | Found an ancient bone altar of Kikubaaqudgha.
 44969 | Zot:5    | Noticed an ancient lich
 44969 | Zot:5    | Noticed a dread lich
 44969 | Zot:5    | Noticed qw's ghost (veteran NaHu)
 44970 | Zot:5    | Noticed an ancient lich
 44970 | Zot:5    | Noticed a dread lich
 45014 | Zot:5    | 45014 ||| INVOKING Heroism.
 45441 | Zot:5    | Noticed an ancient lich
 45442 | Zot:5    | 45442 ||| INVOKING Heroism.
 45443 | Zot:5    | 45443 ||| INVOKING Finesse.
 45445 | Zot:5    | Killed an ancient lich
 45462 | Zot:5    | Noticed a dread lich
 45463 | Zot:5    | Noticed a Killer Klown
 45464 | Zot:5    | Killed a dread lich
 45464 | Zot:5    | Noticed a Killer Klown
 45469 | Zot:5    | Killed a Killer Klown
 45472 | Zot:5    | Killed a Killer Klown
 45472 | Zot:5    | Noticed a Killer Klown
 45474 | Zot:5    | Noticed an orb of fire
 45476 | Zot:5    | Killed a Killer Klown
 45476 | Zot:5    | Received a gift from Okawaru
 45478 | Zot:5    | 45478 ||| INVOKING Heroism.
 45479 | Zot:5    | Killed an orb of fire
 45480 | Zot:5    | Reached XP level 26. HP: 181/192 MP: 28/31
 45510 | Zot:5    | Noticed an orb of fire
 45511 | Zot:5    | 45511 ||| INVOKING Heroism.
 45512 | Zot:5    | 45512 ||| INVOKING Finesse.
 45515 | Zot:5    | Killed an orb of fire
 45649 | Zot:5    | Reached skill level 27 in Fighting
 45653 | Zot:5    | 45653 ||| INVOKING Heroism.
 45806 | Zot:5    | 45806 ||| READING scroll of acquirement.
 45806 | Zot:5    | 45806 ||| ACQUIRING 635 gold pieces
 45806 | Zot:5    | Acquired 635 gold pieces
 45811 | Zot:5    | Got the Orb of Zot
 45812 | Zot:5    | 45812 ||| PLANNING ESCAPE
 45812 | Zot:5    | 45812 ||| DRINKING 10 potions of haste.
 45813 | Zot:5    | 45813 ||| INVOKING Heroism.
 45817 | Zot:5    | Noticed a Killer Klown
 45818 | Zot:5    | Noticed a Killer Klown
 45819 | Zot:5    | Noticed a Killer Klown
 45821 | Zot:5    | Killed a Killer Klown
 45823 | Zot:5    | Killed a Killer Klown
 45825 | Zot:5    | Noticed an orb of fire
 45826 | Zot:5    | Gained mutation: You occasionally lose the ability to drink
                  | potions when taking damage. [an orb of fire]
 45827 | Zot:5    | Killed a Killer Klown
 45829 | Zot:5    | Killed an orb of fire
 45844 | Zot:5    | 45844 ||| READING 20 scrolls of teleportation.
 45845 | Zot:5    | 45845 ||| DRINKING 6 potions of heal wounds.
 45846 | Zot:5    | 45846 ||| DRINKING 5 potions of heal wounds.
 45853 | Zot:5    | 45853 ||| DRINKING 15 potions of mutation.
 45853 | Zot:5    | Lost mutation: You are partially covered in iridescent
                  | scales. (AC +2) [potion of mutation]
 45853 | Zot:5    | Lost mutation: You are somewhat resistant to further
                  | mutation. [potion of mutation]
 45853 | Zot:5    | Gained mutation: You have large cloven feet. [potion of
                  | mutation]
 45853 | Zot:5    | Gained mutation: You occasionally lose the ability to read
                  | scrolls when taking damage. [potion of mutation]
 45854 | Zot:5    | 45854 ||| DRINKING 14 potions of mutation.
 45854 | Zot:5    | Lost mutation: You occasionally lose the ability to drink
                  | potions when taking damage. [potion of mutation]
 45854 | Zot:5    | Lost mutation: You have large cloven feet. [potion of
                  | mutation]
 45854 | Zot:5    | Lost mutation: You occasionally lose the ability to read
                  | scrolls when taking damage. [potion of mutation]
 45854 | Zot:5    | Gained mutation: You are robust. (+10% HP) [potion of
                  | mutation]
 45854 | Zot:5    | Gained mutation: Your spells are a little easier to cast,
                  | but a little less powerful. [potion of mutation]
 45854 | Zot:5    | Gained mutation: You are partially covered in large bone
                  | plates. (SH +4) [potion of mutation]
 45854 | Zot:5    | Gained mutation: You have a somewhat thin skeletal
                  | structure. (Dex +2, Stealth+) [potion of mutation]
 45898 | Zot:5    | 45898 ||| INVOKING Heroism.
 45955 | Zot:5    | 45955 ||| INVOKING Heroism.
 46026 | Zot:5    | 46026 ||| DRINKING 9 potions of haste.
 46027 | Zot:5    | 46027 ||| FLEEEEING.
 46028 | Zot:5    | 46028 ||| FLEEEEING.
 46029 | Zot:5    | 46029 ||| FLEEEEING.
 46030 | Zot:5    | 46030 ||| FLEEEEING.
 46031 | Zot:5    | 46031 ||| FLEEEEING.
 46032 | Zot:5    | 46032 ||| FLEEEEING.
 46033 | Zot:5    | 46033 ||| FLEEEEING.
 46036 | Zot:5    | 46036 ||| FLEEEEING.
 46037 | Zot:5    | 46037 ||| FLEEEEING.
 46038 | Zot:5    | 46038 ||| FLEEEEING.
 46039 | Zot:5    | 46039 ||| FLEEEEING.
 46040 | Zot:5    | 46040 ||| FLEEEEING.
 46043 | Zot:5    | 46043 ||| FLEEEEING.
 46044 | Zot:5    | 46044 ||| DRINKING 4 potions of heal wounds.
 46060 | Zot:5    | 46060 ||| FLEEEEING.
 46061 | Zot:5    | 46061 ||| FLEEEEING.
 46062 | Zot:5    | 46062 ||| FLEEEEING.
 46063 | Zot:5    | 46063 ||| FLEEEEING.
 46064 | Zot:5    | 46064 ||| DRINKING 3 potions of heal wounds.
 46065 | Zot:5    | 46065 ||| FLEEEEING.
 46066 | Zot:5    | 46066 ||| FLEEEEING.
 46069 | Zot:5    | 46069 ||| INVOKING Heroism.
 46071 | Zot:5    | 46071 ||| DRINKING 2 potions of heal wounds.
 46253 | Zot:5    | 46253 ||| FLEEEEING.
 46254 | Zot:5    | 46254 ||| FLEEEEING.
 46255 | Zot:5    | 46255 ||| FLEEEEING.
 46256 | Zot:5    | 46256 ||| FLEEEEING.
 46258 | Zot:5    | Noticed Zoruoranga the pandemonium lord
 46259 | Zot:5    | 46259 ||| DRINKING 8 potions of haste.
 46260 | Zot:5    | 46260 ||| INVOKING Heroism.
 46265 | Zot:5    | Reached skill level 21 in Dodging
 46270 | Zot:5    | Killed Zoruoranga the pandemonium lord
 46279 | Zot:5    | 46279 ||| INVOKING Heroism.
 46333 | Zot:5    | 46333 ||| DRINKING 7 potions of haste.
 46349 | Zot:5    | Paralysed by a Zot trap for 3 turns
 46355 | Zot:5    | Gained mutation: You occasionally lose the ability to drink
                  | potions when taking damage. [mutagenic glow]
 46356 | Zot:5    | 46356 ||| DRINKING 13 potions of mutation.
 46356 | Zot:5    | Lost mutation: You occasionally lose the ability to drink
                  | potions when taking damage. [potion of mutation]
 46356 | Zot:5    | Lost mutation: You have a somewhat thin skeletal structure.
                  | (Dex +2, Stealth+) [potion of mutation]
 46356 | Zot:5    | Lost mutation: You are partially covered in large bone
                  | plates. (SH +4) [potion of mutation]
 46356 | Zot:5    | Lost mutation: You are robust. (+10% HP) [potion of
                  | mutation]
 46376 | Zot:5    | Lost mutation: Your spells are a little easier to cast, but
                  | a little less powerful. [mutagenic glow]
 46384 | Zot:5    | 46384 ||| DRINKING 6 potions of haste.
 46385 | Zot:5    | 46385 ||| INVOKING Heroism.
 46396 | Zot:5    | Gained mutation: You are dopey. (Int -2) [mutagenic glow]
 46456 | Zot:5    | 46456 ||| DRINKING 5 potions of haste.
 46457 | Zot:5    | 46457 ||| FLEEEEING.
 46458 | Zot:5    | 46458 ||| FLEEEEING.
 46644 | Zot:5    | 46644 ||| DRINKING 4 potions of haste.
 46645 | Zot:5    | 46645 ||| INVOKING Heroism.
 46659 | Zot:5    | Gained mutation: You are weak. (Str -2) [mutagenic glow]
 46740 | Zot:5    | 46740 ||| DRINKING 3 potions of haste.
 46741 | Zot:5    | 46741 ||| INVOKING Heroism.
 46821 | Zot:5    | 46821 ||| Stepping ~*~*~tactically~*~*~ (outnumbered).
 46910 | Zot:5    | 46910 ||| DRINKING 2 potions of haste.
 46911 | Zot:5    | 46911 ||| INVOKING Heroism.
 46950 | Zot:5    | Gained mutation: Your flesh is cold resistant. (rC+)
                  | [mutagenic glow]
 46964 | Zot:5    | Gained mutation: You sometimes lose your temper in combat.
                  | [mutagenic glow]
 46980 | Zot:5    | 46980 ||| DRINKING 12 potions of mutation.
 46980 | Zot:5    | Lost mutation: Your flesh is cold resistant. (rC+) [potion
                  | of mutation]
 46980 | Zot:5    | Lost mutation: You sometimes lose your temper in combat.
                  | [potion of mutation]
 46980 | Zot:5    | Lost mutation: You are weak. (Str -2) [potion of mutation]
 46980 | Zot:5    | Gained mutation: You are clumsy. (Dex -2) [potion of
                  | mutation]
 46980 | Zot:5    | Gained mutation: You are robust. (+10% HP) [potion of
                  | mutation]
 46984 | Zot:5    | Noticed Vitakk the pandemonium lord
 46985 | Zot:5    | 46985 ||| DRINKING potion of haste.
 46986 | Zot:5    | 46986 ||| INVOKING Heroism.
 46989 | Zot:5    | Killed Vitakk the pandemonium lord
 46993 | Zot:5    | Gained mutation: You have supernaturally acute eyesight.
                  | (SInv) [mutagenic glow]
 47006 | Zot:5    | Gained mutation: Your spells are a little easier to cast,
                  | but a little less powerful. [mutagenic glow]
 47062 | Zot:5    | 47062 ||| INVOKING Heroism.
 47135 | Zot:5    | Gained mutation: Your magical capacity is low. (-10% MP)
                  | [mutagenic glow]
 47137 | Zot:5    | 47137 ||| INVOKING Heroism.
 47139 | Zot:5    | 47139 ||| Stepping ~*~*~tactically~*~*~ (outnumbered).
 47141 | Zot:5    | Paralysed by a Zot trap for 3 turns
 47148 | Zot:5    | Lost mutation: You are robust. (+10% HP) [mutagenic glow]
 47238 | Zot:5    | 47238 ||| INVOKING Heroism.
 47250 | Zot:5    | 47250 ||| DRINKING potion of heal wounds.
 47276 | Zot:5    | Noticed Kironwiq the pandemonium lord
 47280 | Zot:5    | 47280 ||| INVOKING Heroism.
 47299 | Zot:5    | Killed Kironwiq the pandemonium lord
 47312 | Zot:5    | 47312 ||| FLEEEEING.
 47313 | Zot:5    | 47313 ||| FLEEEEING.
 47313 | Zot:5    | Gained mutation: You are very dopey. (Int -4) [mutagenic
                  | glow]
 47314 | Zot:5    | 47314 ||| FLEEEEING.
 47315 | Zot:5    | 47315 ||| FLEEEEING.
 47316 | Zot:5    | 47316 ||| FLEEEEING.
 47317 | Zot:5    | 47317 ||| FLEEEEING.
 47319 | Zot:5    | 47319 ||| INVOKING Heroism.
 47323 | Zot:5    | Reached skill level 12 in Invocations
 47325 | Zot:5    | Gained mutation: You are frail. (-10% HP) [mutagenic glow]
 47328 | Zot:5    | 47328 ||| DRINKING 11 potions of mutation.
 47328 | Zot:5    | Lost mutation: Your magical capacity is low. (-10% MP)
                  | [potion of mutation]
 47328 | Zot:5    | Lost mutation: You are very dopey. (Int -4) [potion of
                  | mutation]
 47328 | Zot:5    | Lost mutation: Your spells are a little easier to cast, but
                  | a little less powerful. [potion of mutation]
 47329 | Zot:5    | 47329 ||| DRINKING 10 potions of mutation.
 47329 | Zot:5    | Lost mutation: You are clumsy. (Dex -2) [potion of
                  | mutation]
 47329 | Zot:5    | Lost mutation: You are dopey. (Int -2) [potion of mutation]
 47329 | Zot:5    | Gained mutation: You occasionally lose the ability to read
                  | scrolls when taking damage. [potion of mutation]
 47330 | Zot:5    | 47330 ||| DRINKING 9 potions of mutation.
 47330 | Zot:5    | Lost mutation: You have supernaturally acute eyesight.
                  | (SInv) [potion of mutation]
 47330 | Zot:5    | Lost mutation: You are frail. (-10% HP) [potion of
                  | mutation]
 47330 | Zot:5    | Gained mutation: Your magical capacity is low. (-10% MP)
                  | [potion of mutation]
 47330 | Zot:5    | Gained mutation: Potions are less effective at restoring
                  | your health. [potion of mutation]
 47330 | Zot:5    | Gained mutation: You are vulnerable to cold. (rC-) [potion
                  | of mutation]
 47330 | Zot:5    | Gained mutation: Your movements are slightly less
                  | encumbered by armour. (ER -2) [potion of mutation]
 47331 | Zot:5    | 47331 ||| DRINKING 8 potions of mutation.
 47331 | Zot:5    | Lost mutation: Your movements are slightly less encumbered
                  | by armour. (ER -2) [potion of mutation]
 47331 | Zot:5    | Lost mutation: You are vulnerable to cold. (rC-) [potion of
                  | mutation]
 47331 | Zot:5    | Gained mutation: You are clumsy. (Dex -2) [potion of
                  | mutation]
 47331 | Zot:5    | Gained mutation: You expend magic power (3 MP) to
                  | strengthen your wands. [potion of mutation]
 47332 | Zot:5    | 47332 ||| DRINKING 7 potions of mutation.
 47332 | Zot:5    | Lost mutation: You are clumsy. (Dex -2) [potion of
                  | mutation]
 47332 | Zot:5    | Lost mutation: Your magical capacity is low. (-10% MP)
                  | [potion of mutation]
 47332 | Zot:5    | Gained mutation: You passively map a small area around you.
                  | [potion of mutation]
 47332 | Zot:5    | Gained mutation: Your spells are a little harder to cast,
                  | but a little more powerful. [potion of mutation]
 47332 | Zot:5    | Gained mutation: You are robust. (+10% HP) [potion of
                  | mutation]
 47333 | Zot:5    | 47333 ||| DRINKING 6 potions of mutation.
 47333 | Zot:5    | Lost mutation: You occasionally lose the ability to read
                  | scrolls when taking damage. [potion of mutation]
 47333 | Zot:5    | Lost mutation: Your spells are a little harder to cast, but
                  | a little more powerful. [potion of mutation]
 47333 | Zot:5    | Lost mutation: You passively map a small area around you.
                  | [potion of mutation]
 47333 | Zot:5    | Gained mutation: Armour fits poorly on your strangely
                  | shaped body. [potion of mutation]
 47334 | Zot:5    | 47334 ||| DRINKING 5 potions of mutation.
 47334 | Zot:5    | Lost mutation: Armour fits poorly on your strangely shaped
                  | body. [potion of mutation]
 47334 | Zot:5    | Lost mutation: Potions are less effective at restoring your
                  | health. [potion of mutation]
 47334 | Zot:5    | Lost mutation: You are robust. (+10% HP) [potion of
                  | mutation]
 47334 | Zot:5    | Gained mutation: You are partially covered in iridescent
                  | scales. (AC +2) [potion of mutation]
 47334 | Zot:5    | Gained mutation: You have hidden genetic potential. [potion
                  | of mutation]
 47357 | Zot:5    | 47357 ||| INVOKING Heroism.
 47407 | Zot:5    | Reached XP level 27. HP: 129/199 MP: 32/32
 47424 | Zot:5    | 47424 ||| FLEEEEING.
 47435 | Zot:5    | 47435 ||| FLEEEEING.
 47436 | Zot:5    | 47436 ||| FLEEEEING.
 47437 | Zot:5    | 47437 ||| FLEEEEING.
 47446 | Zot:5    | 47446 ||| INVOKING Heroism.
 47527 | Zot:5    | 47527 ||| INVOKING Heroism.
 47590 | Zot:5    | 47590 ||| INVOKING Heroism.
 47670 | Zot:5    | 47670 ||| Stepping ~*~*~tactically~*~*~ (outnumbered).
 47672 | Zot:5    | 47672 ||| Stepping ~*~*~tactically~*~*~ (outnumbered).
 47742 | Zot:4    | 47742 ||| INVOKING Heroism.
 47757 | Zot:3    | Noticed a seraph
 47760 | Zot:3    | Killed a seraph
 47853 | Depths:4 | 47853 ||| INVOKING Heroism.
 47892 | Depths:3 | 47892 ||| INVOKING Heroism.
 48133 | D:9      | Noticed Acuch the pandemonium lord
 48133 | D:9      | 48133 ||| INVOKING Heroism.
 48136 | D:9      | Killed Acuch the pandemonium lord
 48224 | D:6      | 48224 ||| Stepping ~*~*~tactically~*~*~ (outnumbered).
 48238 | D:5      | Reached skill level 15 in Invocations
 48320 | D:1      | 48320 ||| INVOKING Heroism.
 48342 | D:$      | Escaped with the Orb!

Levels and vault maps discovered:
D:1:      wheals_arrival_shading, layout_loops_cross,
          shapermc_ecumenical_altar_acropolis,
          nicolae_concentric_dashed_squares_wild, minmay_tetromino_o4
D:2:      layout_basic, basic_altar
D:3:      layout_loops_ring, amcnicky_altar_gilded, uniq_pargi
D:4:      layout_gridville
D:5:      layout_basic, minmay_ruined_shrine
D:6:      cheibrodos_iron_armory, layout_layer_cave,
          minmay_temple_entry_large_hall, ebering_ghost_disaster_area,
          kennysheep_cross_room
D:7:      layout_basic, nicolae_ossuary_entry_plus
D:8:      layout_gridville, moated_statue, solitary_fountain,
          nicolae_figureground_sparkle
D:9:      layout_grid_maze, serial_shops, nicolae_shop_peninsula, enter_bailey_3
D:10:     layout_cave_pods
D:11:     minmay_stone_box, layout_grid_maze, due_lair_maze_entry_diamond,
          serial_shops, shop, minmay_unpleasant_kobolds, uniq_erica, uniq_urug
D:12:     layout_roguey, erik_orc_1, st_stairs_5, chequers_serial_rivers_micro_c
D:13:     layout_cave_pods, ximxim_vaults_locker_room, gauntlet_entry_generic,
          uniq_azrael, uniq_jorgrun
D:14:     minmay_connected_boxes_in_corner, layout_basic,
          ebering_ghost_funeral_grove, nicolae_hepliaklqana_ecumenical_no_more,
          serial_shops, shop
D:15:     grunt_enter_depths_magical_seal, layout_cave_pools,
          hangedman_glass_teeth, minmay_misc_feat_rows, hangedman_decor_lopped
Temple:   mainiacjoe_temple_trianglar_array
Lair:1:   layout_regular_city, infiniplex_staircase_pool
Lair:2:   layout_cave_pods, chequers_serial_rivers_marsh, lemuel_fruit_fields
Lair:3:   layout_cave_pods, minmay_shoals_entry_centaurs,
          minmay_snake_entry_guardpost_large, lemuel_fruit_fields
Lair:4:   layout_roguey [special_room_mythical_zoo], columned_hall_lemuel,
          pf_torpor_hydra
Lair:5:   hellmonk_lair_end_abyssal_woods, layout_long_grid,
          nicolae_slime_entry_field_trip,
          portal_ice_cave_entry_animals_and_master
Shoals:1: layout_shoals
Shoals:2: layout_shoals, nicolae_shoals_kraken_intersection
Shoals:3: layout_shoals, uniq_donald
Shoals:4: shoals_end_grunt_ice, layout_shoals, nicolae_shoals_shepherds
Snake:1:  layout_misc_corridors, ebering_ghost_reflecting_pool
Snake:2:  layout_layer_cave, serial_shops, shop, nicolae_snake_naga_rites
Snake:3:  layout_misc_corridors, uniq_vashnia
Snake:4:  snake_pit, layout_onion, nicolae_snake_the_dead_are_slithering,
          minmay_shoptagon, uniq_nikola
Orc:1:    layout_diamond_mine, serial_shops, shop
Orc:2:    st_orc_ogre_mass, layout_caves, nicolae_orc_tapped_out,
          uniq_saint_roka, uniq_nessos
Vaults:1: mu_enter_wizlab_6, nicolae_vaults_trapezoid_lopsided_1,
          nicolae_vaults_ring_of_whatevers, nicolae_vaults_display_case,
          nicolae_vaults_border_crossing, nicolae_vaults_tangram_2,
          nicolae_vaults_oval_intersection, nicolae_vaults_specimen_jars,
          v_misc_26, ontoclasm_vaults_hangar, v_misc_3, layout_vaults_omnibox
Vaults:2: nicolae_vaults_oozy_zoo, ontoclasm_vaults_loading_screen,
          nicolae_vaults_offset_grid_hallway_4, v_misc_16,
          nicolae_vaults_tetromino_Z_2, nicolae_vaults_octothorpe,
          minmay_crypt_entry_skeletal_spiral, nicolae_vaults_sealed_display,
          hangedman_vaults_nails, hangedman_vaults_capsules,
          layout_vaults_big_room, serial_shops, shop
Vaults:3: ontoclasm_vaults_shuriken, v_rooms_5, nicolae_vaults_sesquioval_fish,
          hangedman_vaults_locks, v_misc_19, nicolae_vaults_more_shelving_1,
          nicolae_vaults_tetromino_T_1, nicolae_vaults_tetromino_Z_2,
          nicolae_vaults_more_shelving_2, nicolae_vaults_surprise_closet,
          st_spiral_rooms, layout_vaults_omnigrid, serial_shops, shop,
          nicolae_shop_rolling_square, shop, shop, shop, uniq_boris
Vaults:4: nicolae_vaults_door_testing_chamber, v_rooms_1, v_misc_18,
          nicolae_vaults_tetromino_Z_2, nicolae_vaults_stand_back,
          nicolae_vaults_big_ls, v_alt_pattern_1, nicolae_vaults_theta,
          nicolae_vaults_variable_pillar_hall, nicolae_vaults_little_squares_2,
          nicolae_vaults_three_branches, v_alt_pattern_1, v_misc_18,
          nicolae_vaults_hexular_roomagon, layout_vaults_maze_bifur
Vaults:5
Depths:1: layout_forbidden_donut, lightli_too_deep,
          nicolae_abyss_entry_one_way_or_another, minmay_door_square,
          guppyfry_shop_earth, serial_bayou_shore_a
Depths:2: kennysheep_ambush_hall, layout_cross, hell_entry,
          rand_demon_pan_entry_8, basic_altar, serial_bayou_pond_b,
          hangedman_eye_storm, infiniplex_staircase_hallway_doors
Depths:3: nzn_winding_woodlands_small [nzn_winding_woodlands_5x15_garden,
          nzn_winding_woodlands_center_pierced_h,
          nzn_winding_woodlands_5x15_sidewinder], layout_gridville,
          grunt_pan_entry_zigzag, hell_entry, abyss_entry,
          nicolae_twisty_statue_hallways, nemelex_diamond_rough_becter,
          uniq_enchantress, uniq_josephina
Depths:4: grunt_zot_entry_alcove, layout_cave_shapes, enter_ziggurat_a,
          biasface_ghost_demon_polymorph, pf_hell_entry_tar_river,
          serial_bayou_ford_a, rand_demon_pan_entry_4
Zot:1:    layout_gridlike
Zot:2:    grunt_zot_stairs_faceoff, layout_cellular_growth, drop_trap,
          st_stairs_13, st_single_dragon_hoard_4
Zot:3:    nicolae_moth_party, layout_gridlike, nzn_ghost_randoct
Zot:4:    kennysheep_blocky_room, layout_twisted_circle
Zot:5:    layout_twisted_circle, gammafunk_ghost_crypt, st_stairs_10,
          grunt_ministairs_6

Skill      XL: |  1  2  3  4  5  6  7  8  9 10 11 12 13 14 15 16 17 18 19 20 21 22 23 24 25 26 27 |
---------------+----------------------------------------------------------------------------------+-----
Ranged Weapons | 3 4 5 6 7 9 10 12 13 15 17 18 20 22 | 22.0
Fighting       | 2 3 4 6 8 9 10 11 13 15 18 19 21 22 24 25 26 27 | 27.0
Armour         | 2 4 5 6 8 9 13 14 15 16 19 21 22 | 22.0
Dodging        | 2 3 4 5 6 7 10 11 12 13 14 15 16 17 19 20 22 | 22.0
Invocations    | 1 4 8 10 11 12 15 | 15.2
Spellcasting   | |  1.0
Hexes          | |  2.6

Action                     |  1- 3 |  4- 6 |  7- 9 | 10-12 | 13-15 | 16-18 | 19-21 | 22-24 | 25-27 || total
---------------------------+-------+-------+-------+-------+-------+-------+-------+-------+-------++-------
   Fire: Sling             |    59 |       |       |       |       |       |       |       |       ||    59
         Shortbow          |    71 |    97 |       |       |       |       |       |       |       ||   168
         Arbalest          |       |     4 |   147 |   248 |   534 |   830 |   677 |       |       ||  2440
         Heavy crossbow    |       |       |       |       |       |       |   159 |   679 |   496 ||  1334
 Invoke: Heroism           |       |       |     1 |    20 |    20 |    27 |    12 |    37 |    41 ||   158
         Finesse           |       |       |       |       |     4 |     9 |     8 |     7 |     2 ||    30
    Use: Scroll            |     6 |     5 |     5 |     6 |     6 |     5 |     1 |     4 |     4 ||    42
         Potion            |     3 |     1 |     6 |       |       |     3 |       |     9 |    28 ||    50
 Armour: Robe              |    12 |       |       |     3 |       |       |       |       |       ||    15
         Ring mail         |    23 |    14 |    25 |    34 |    41 |   119 |   137 |   151 |    91 ||   635
         Troll leather arm |       |       |       |       |    16 |    26 |       |       |       ||    42
         Skin              |       |       |       |       |       |     9 |       |       |       ||     9
         Quicksilver drago |       |       |       |       |       |       |       |    53 |    57 ||   110
  Dodge: Dodged            |    51 |    21 |    24 |    62 |   132 |   401 |   419 |   864 |   481 ||  2455
         Repelled          |       |       |       |     2 |     8 |     6 |     9 |    16 |    11 ||    52
  Block: Other             |    11 |     9 |    17 |    17 |    35 |    83 |    72 |   130 |    79 ||   453
         Reflection        |       |       |       |     2 |     4 |    21 |    23 |     8 |       ||    58

Table legend:
 A = Non-vault XP
 B = Vault XP
 C = Vault XP percentage of total XP
 D = Non-vault monster count
 E = Vault monster count
 F = Vault count percentage of total count
                 A         B        C        D         E       F
            +---------+---------+-------+---------+---------+-------
      Total |  583319 |  582548 |  50.0 |    1198 |     825 |  40.8
            +---------+---------+-------+---------+---------+-------
        D:1 |      28 |       6 |  17.6 |      16 |       3 |  15.8
        D:2 |      23 |       0 |   0.0 |      13 |       0 |   0.0
        D:3 |      48 |       0 |   0.0 |      23 |       0 |   0.0
        D:4 |     188 |       0 |   0.0 |      13 |       0 |   0.0
        D:5 |     472 |     458 |  49.2 |      23 |      11 |  32.4
        D:6 |     698 |    1169 |  62.6 |      25 |       4 |  13.8
        D:7 |     848 |       0 |   0.0 |      14 |       0 |   0.0
        D:8 |    1377 |       0 |   0.0 |      32 |       0 |   0.0
        D:9 |    2340 |       7 |   0.3 |      36 |       4 |  10.0
       D:10 |    3349 |       0 |   0.0 |      16 |       0 |   0.0
       D:11 |    3142 |    3179 |  50.3 |      15 |      22 |  59.5
       D:12 |    7591 |    1596 |  17.4 |      22 |      19 |  46.3
       D:13 |   14906 |    7725 |  34.1 |      35 |      21 |  37.5
       D:14 |   10241 |   12051 |  54.1 |      21 |      20 |  48.8
       D:15 |   13291 |    3866 |  22.5 |      40 |      10 |  20.0
     Lair:1 |    5008 |       0 |   0.0 |      21 |       0 |   0.0
     Lair:2 |    4787 |       0 |   0.0 |      16 |       0 |   0.0
     Lair:3 |    7777 |    1312 |  14.4 |      24 |       9 |  27.3
     Lair:4 |   12716 |    5846 |  31.5 |      43 |      26 |  37.7
     Lair:5 |    3089 |   16103 |  83.9 |      12 |      55 |  82.1
   Shoals:1 |   14122 |       0 |   0.0 |      24 |       0 |   0.0
   Shoals:2 |   10902 |    1600 |  12.8 |      22 |       1 |   4.3
   Shoals:3 |   11941 |    1327 |  10.0 |      25 |       1 |   3.8
   Shoals:4 |   17850 |   22540 |  55.8 |      32 |      41 |  56.2
    Snake:1 |   13325 |       0 |   0.0 |      30 |       0 |   0.0
    Snake:2 |   18132 |   14880 |  45.1 |      32 |      24 |  42.9
    Snake:3 |    8766 |    6812 |  43.7 |      18 |       6 |  25.0
    Snake:4 |   14629 |   30279 |  67.4 |      35 |      50 |  58.8
      Orc:1 |    2276 |       0 |   0.0 |      32 |       0 |   0.0
      Orc:2 |    3158 |   22042 |  87.5 |      23 |      54 |  70.1
   Vaults:1 |   33909 |   16432 |  32.6 |      60 |      26 |  30.2
   Vaults:2 |   34024 |   23045 |  40.4 |      45 |      36 |  44.4
   Vaults:3 |   33081 |   23163 |  41.2 |      48 |      28 |  36.8
   Vaults:4 |   24154 |   36839 |  60.4 |      39 |      48 |  55.2
   Vaults:5 |   27821 |  102044 |  78.6 |      45 |      92 |  67.2
   Depths:1 |   26504 |    6072 |  18.6 |      36 |       7 |  16.3
   Depths:2 |   30912 |   15655 |  33.6 |      37 |      19 |  33.9
   Depths:3 |   26464 |   36608 |  58.0 |      26 |      39 |  60.0
   Depths:4 |   18125 |   23621 |  56.6 |      23 |      23 |  50.0
      Zot:1 |   17509 |       0 |   0.0 |      16 |       0 |   0.0
      Zot:2 |   15708 |   21500 |  57.8 |      14 |      16 |  53.3
      Zot:3 |   30342 |   11011 |  26.6 |      25 |      12 |  32.4
      Zot:4 |   23642 |   17321 |  42.3 |      24 |       8 |  25.0
      Zot:5 |   33387 |   92889 |  73.6 |      24 |      43 |  64.2
    Ossuary |       0 |     559 | 100.0 |       0 |      37 | 100.0
   Gauntlet |     717 |    2991 |  80.7 |       3 |      10 |  76.9
            +---------+---------+-------+---------+---------+-------
